 Dungeon Crawl Stone Soup version 0.31-a0-544-gceb718ecc6 (webtiles) character file.

Game seed: 2890994819075292886

737008 Xavori the Hoplite (level 27, -1/209 HPs)
             Began as an Octopode Chaos Knight on Aug 14, 2023.
             Was a Favourite Plaything of Xom.
             Slain by an orc warrior
             ... wielding a +0 trident
              (5 damage)
             ... while petrified by you
             ... on level 10 of a ziggurat on Aug 15, 2023.
             The game lasted 02:19:17 (75639 turns).

Xavori the Hoplite (Octopode Chaos Knight)         Turns: 75639, Time: 02:19:18

Health: -1/209     AC: 16    Str: 26 (27) XL:     27
Magic:  19/35      EV:  2    Int: 12      God:    Xom [....*.]
Gold:   6637       SH:  0    Dex: 32      Spells: 38/42 levels left

rFire   + + +        d - +7 quick blade of Corpus Delicti {heavy, rPois rCorr Int-5 Dex+5}
rCold   + + +        M - +8 tower shield {AC+3}
rNeg    + + +        Q - +2 hat "Dihuih" {rN+ Str+5}
rPois   ∞            U - amulet of regeneration
rElec   +            B - ring of Obiysam {rElec Will+ Str+6}
rCorr   +            N - +6 ring of dexterity
SInv    +            m - ring "Vaolisim" {Fire Will+ Slay+3}
Will    +++++        L - +4 ring of protection Stlth *+++++++++
                     P - ring "Bum Ynis" {Contam rC+++ EV+5 SInv Stlth-}
HPRegen 1.34/turn    W - ring of the Queen {Ice Dex+3 Stlth+}
MPRegen 0.24/turn    C - ring "Ymuryvam" {rPois Will+ EV+5}
                     i - ring of protection from fire

%: clarity
@: mighty, agile, death-form, resistant, petrified, hasted and slowed, studying
Summonings
A: vile attack, torment immunity, no potions, almost no armour, amphibious, 8
rings, camouflage 2, gelatinous body 1, (nimble swimmer 1), tentacles, tentacle
spike 1, iridescent scales 3, large bone plates 1, clarity, deterioration 2,
dopey 1, fire resistance 1, strong 1, wild magic 2
}: 6/15 runes: serpentine, barnacled, slimy, silver, icy, abyssal
a: Siphon Essence, Begin Untransformation, Renounce Religion


You were on level 10 of a ziggurat.
You worshipped Xom.
You were a beloved toy of Xom.
You were an undying horror.
You visited 14 branches of the dungeon, and saw 62 of its levels.
You visited the Abyss 1 time.
You visited 1 bazaar.
You visited 1 ziggurat, and saw 10 of its levels.
You also visited: Ice Cave and Desolation.

You collected 9167 gold pieces.
You spent 2530 gold pieces at shops.

Inventory:

Hand Weapons
 d - the +7 quick blade of Corpus Delicti (weapon) {heavy, rPois rCorr Int-5 Dex+5}
   (You acquired it on level 8 of the Dungeon)

   Int-5:     It affects your intelligence (-5).
   Dex+5:     It affects your dexterity (+5).
   rPois:     It protects you from poison rCorr: It protects you from acid and
   corrosion.
 u - a +0 quick blade of chaos
 Z - a +3 sacred scourge of holy wrath
Armour
 M - a +8 tower shield of protection (worn)
 Q - the +2 hat "Dihuih" (worn) {rN+ Str+5}
   (Xom gifted it to you on level 5 of Cocytus)

   Str+5:     It affects your strength (+5).
   rN+:       It protects you from negative energy.
Jewellery
 i - a ring of protection from fire (on tentacle)
 m - the ring "Vaolisim" (on tentacle) {Fire Will+ Slay+3}
   (You found it on level 9 of the Dungeon)

   [ring of fire]

   Fire:      It enhances your fire magic.
   Slay+3:    It affects your accuracy & damage with ranged weapons and melee
   (+3).
   rF+:       It protects you from fire.
   rC-:       It makes you vulnerable to cold.
   Will+:     It increases your willpower.
 q - an amulet of reflection
 B - the ring of Obiysam (left tentacle) {rElec Will+ Str+6}
   (You found it on level 5 of the Pits of Slime)

   [ring of strength]

   Str+6:     It affects your strength (+6).
   rElec:     It insulates you from electricity.
   Will+:     It increases your willpower.
 C - the ring "Ymuryvam" (on tentacle) {rPois Will+ EV+5}
   (You acquired it on level 1 of the Snake Pit)

   [ring of evasion]

   EV+5:      It affects your evasion (+5).
   rPois:     It protects you from poison Will+: It increases your willpower.
 L - a +4 ring of protection (on tentacle)
 N - a +6 ring of dexterity (right tentacle)
 P - the ring "Bum Ynis" (on tentacle) {Contam rC+++ EV+5 SInv Stlth-}
   (You found it in the Desolation of Salt)

   [ring of evasion]

   EV+5:      It affects your evasion (+5).
   rC+++:     It renders you almost immune to cold.
   SInv:      It lets you see invisible.
   Contam:    It causes magical contamination when unequipped.
   Stlth-:    It makes you less stealthy.
 U - an amulet of regeneration (around mantle)
 W - the ring of the Queen (on tentacle) {Ice Dex+3 Stlth+}
   (You found it on level 5 of the Lair of Beasts)

   [ring of ice]

   Ice:       It enhances your ice magic.
   Dex+3:     It affects your dexterity (+3).
   rF-:       It makes you vulnerable to fire.
   rC+:       It protects you from cold.
   Stlth+:    It makes you more stealthy.
Talismans
 a - a talisman of death (active)
 h - a maw talisman
Wands
 c - a wand of mindburst (27)
 p - a wand of flame (168)
 D - a wand of roots (52)
 J - a wand of digging (46)
 T - a wand of acid (34)
 V - a wand of paralysis (57)
Scrolls
 b - a scroll of butterflies
 e - 2 scrolls of blinking
 f - 14 scrolls of fear
 j - 6 scrolls of enchant armour
 l - 17 scrolls of fog
 w - 2 scrolls of silence
 y - 10 scrolls of poison
 z - 16 scrolls of revelation
 A - 3 scrolls of amnesia
 F - 2 scrolls of torment
 I - 12 scrolls of enchant weapon
 R - 33 scrolls of teleportation
 X - 8 scrolls of summoning
Potions
 g - 19 potions of heal wounds
 k - 17 potions of curing
 n - 6 potions of enlightenment
 s - 12 potions of brilliance
 t - 11 potions of mutation
 v - 4 potions of might
 E - 4 potions of resistance
 H - 6 potions of haste
 K - a potion of invisibility
 S - 2 potions of berserk rage
 Y - 3 potions of cancellation
Miscellaneous
 o - a phial of floods
 r - a condenser vane (inert)
 x - a lightning rod (4/4)
 O - a phantom mirror


   Skills:
 + Level 22.9 Fighting
 * Level 18.8 Short Blades
 * Level 4.3 Maces & Flails
 + Level 18.1 Dodging
 - Level 22.6 Stealth
 + Level 23.5 Shields
 * Level 8.3 Unarmed Combat
 * Level 8.3 Spellcasting
 * Level 8.5 Translocations
 - Level 12.5 Evocations
 - Level 21.1 Shapeshifting


You had 38 spell levels left.
You knew the following spells:

 Your Spells              Type           Power      Damage    Failure   Level
a - Manifold Assault      Tloc           40%        N/A       13%         4

Your spell library contained the following spells:

 Spells                   Type           Power      Damage    Failure   Level
 Apportation              Tloc           80%        N/A       2%          1
 Lesser Beckoning         Tloc           80%        N/A       3%          2
 Gell's Gravitas          Tloc           40%        N/A       5%          3
 Teleport Other           Tloc           40%        N/A       5%          3
 Portal Projectile        Hex/Tloc       48%        N/A       21%         3
 Vhi's Electric Charge    Tloc/Air       48%        N/A       21%         3
 Foxfire                  Conj/Fire      48%        2x1d6     34%         1
 Kiss of Death            Conj/Necr      32%        2d7       34%         1
 Magic Dart               Conj           32%        1d4       34%         1
 Necrotise                Necr           32%        1d5       34%         1
 Sandblast                Erth           16%        2d6       34%         1
 Slow                     Hex            32%        N/A       34%         1
 Summon Small Mammal      Summ           32%        N/A       34%         1
 Call Imp                 Summ           16%        N/A       43%         2
 Cigotuvi's Dreadful Rot  Necr/Pois/Air  16%        N/A       43%         2
 Ensorcelled Hibernation  Hex/Ice        24%        N/A       43%         2
 Passwall                 Tmut/Erth      6%         N/A       43%         2
 Poisonous Vapours        Pois/Air       16%        N/A       43%         2
 Static Discharge         Conj/Air       16%        2-3/arc   43%         2
 Sublimation of Blood     Necr           8%         N/A       43%         2
 Wereblood                Tmut           8%         N/A       43%         2
 Call Canine Familiar     Summ           8%         N/A       65%         3
 Confusing Touch          Hex            8%         N/A       65%         3
 Hailstorm                Conj/Ice       12%        3d5       65%         3
 Ignite Poison            Fire/Tmut/Pois 12%        N/A       65%         3
 Inner Flame              Hex/Fire       12%        N/A       65%         3
 Mephitic Cloud           Conj/Pois/Air  8%         N/A       65%         3
 Stone Arrow              Conj/Erth      16%        3d8       65%         3
 Summon Guardian Golem    Hex/Summ       8%         N/A       65%         3
 Vampiric Draining        Necr           8%         2d6       65%         3
 Dispersal                Tloc           20%        N/A       78%         6
 Summon Forest            Summ/Tloc      12%        N/A       80%         5
 Airstrike                Air            4%         2d(1-17)  95%         4
 Anguish                  Hex/Necr       4%         N/A       95%         4
 Animate Dead             Necr           8%         N/A       95%         4
 Dispel Undead            Necr           8%         3d8       95%         4
 Leda's Liquefaction      Hex/Erth       4%         N/A       95%         4
 Olgreb's Toxic Radiance  Pois           8%         N/A       95%         4
 Sticky Flame             Conj/Fire      12%        2d4       95%         4
 Summon Ice Beast         Ice/Summ       12%        N/A       95%         4
 Summon Lightning Spire   Summ/Air       8%         N/A       95%         4
 Alistair's Intoxication  Tmut/Pois      5%         N/A       100%        5
 Arcjolt                  Conj/Air       4%         1d14      100%        5
 Borgnjor's Vile Clutch   Necr/Erth      4%         N/A       100%        5
 Fireball                 Conj/Fire      6%         3d5       100%        5
 Freezing Cloud           Conj/Ice/Air   6%         6-21      100%        5
 Iskenderun's Battlesphe  Conj           8%         2d6       100%        5
 Lee's Rapid Deconstruct  Erth           4%         3d5*      100%        5
 Silence                  Hex/Air        4%         N/A       100%        5
 Summon Mana Viper        Hex/Summ       8%         N/A       100%        5
 Yara's Violent Unravell  Hex/Tmut       4%         3d4       100%        5
 Conjure Ball Lightning   Conj/Air       4%         3x3d6     100%        6
 Death Channel            Necr           4%         N/A       100%        6
 Eringya's Noxious Bog    Tmut/Pois      4%         4d6       100%        6
 Leda's Unmaking          Conj/Erth      4%         9d2       100%        6
 Plasma Beam              Fire/Air       6%         2x1d16    100%        6
 Simulacrum               Ice/Necr       6%         N/A       100%        6
 Summon Cactus Giant      Summ           4%         N/A       100%        6
 Enfeeble                 Hex            4%         N/A       100%        7
 Malign Gateway           Summ/Tloc      12%        N/A       100%        7
 Monstrous Menagerie      Summ           4%         N/A       100%        7
 Orb of Destruction       Conj           4%         9d5       100%        7
 Spellforged Servitor     Conj/Summ      4%         N/A       100%        7
 Summon Hydra             Summ           4%         N/A       100%        7
 Discord                  Hex            4%         N/A       100%        8
 Disjunction              Tloc           20%        N/A       100%        8
 Ignition                 Fire           6%         3d4       100%        8
 Lehudib's Crystal Spear  Conj/Erth      4%         10d3      100%        8
 Summon Horrible Things   Summ           4%         N/A       100%        8
 Chain Lightning          Conj/Air       4%         3d5       100%        9
 Dragon's Call            Summ           4%         N/A       100%        9
 Fire Storm               Conj/Fire      6%         8d2       100%        9
 Shatter                  Erth           4%         3d7*      100%        9
 Animate Armour           Summ/Erth      Unusable   N/A       N/A         4

Dungeon Overview and Level Annotations

Branches:
Dungeon (15/15)            Temple (0/1) D:5            Lair (5/5) D:11
 Shoals (4/4) Lair:2        Snake (4/4) Lair:2        Slime (5/5) Lair:4
    Orc (2/2) D:10            Elf (3/3) Orc:2        Vaults (5/5) D:13
  Crypt (3/3) Vaults:2       Tomb (0/3) Crypt:3      Depths (4/4) D:15
   Hell (visited)             Dis (0/7) Hell            Geh (0/7) Hell
    Coc (7/7) Hell            Tar (2/7) Hell            Zot (2/5) Depths:4
  IceCv (visited)         Desolation (visited)

Altars:
Ashenzari
Cheibriados
Dithmenos
Gozag
Hepliaklqana
Qazlal
Sif Muna
Trog
Uskayaw
Vehumet
Xom
Yredelemnul
The Shining One
Jiyva

Shops:
D:2 *   D:3 (   D:6 *   Orc:1 =   Orc:2 *(([   Elf:3 (?=   Shoals:1 *
Snake:2 [   Snake:4 *   Vaults:3 *

Portals:
Hell: Depths:1 Depths:2 Depths:3 Depths:4
Abyss: Depths:2 Depths:3
Pandemonium: Depths:2

Annotations:
D:9 3 runed translucent doors
D:12 1 runed translucent door
Snake:4 5 transporters
Elf:2 Roxanne
Crypt:2 1 runed translucent door


Innate Abilities, Weirdness & Mutations

You are an undying horror.
Your melee and unarmed attacks drain, slow and weaken victims.
You are immune to unholy pain and torment.
You cannot drink.
You are immune to poison.
You cannot wear most types of armour.
You are amphibious.
You can wear up to eight rings at the same time.
Your skin blends seamlessly with your surroundings (Stealth++).
Your rubbery body absorbs attacks. (AC +1, EV +1)
((You are camouflaged when in or above water. (Stealth+)))
You have tentacles for arms and can constrict up to eight enemies at once.
One of your tentacles bears a spike.
You are completely covered in iridescent scales. (AC +6)
You are partially covered in large bone plates. (SH +4)
You possess an exceptional clarity of mind.
Your body often deteriorates upon taking damage.
You are dopey. (Int -2)
Your flesh is heat resistant. (rF+)
Your muscles are strong. (Str +4, Int/Dex -1)
Your spells are harder to cast, but more powerful.


Message History

The orc warrior completely misses you.
Your limbs are stiffening.
Unknown command.
Unknown command.
Unknown command.
Unknown command.
Blink to where?
Press: ? - help, Dir - move target
Found seven items.
Found two gates leading back out of this place.
Found a stone staircase leading down.
As you read the scroll of blinking, it crumbles to dust.
The orc warrior is engulfed in seething chaos. x2
The moth of wrath is engulfed in seething chaos.
The orc warrior is engulfed in seething chaos.
The orc warrior suddenly seems more resistant.
The orc wizard is engulfed in seething chaos.
The orc wizard seems to grow stronger.
The orc priest mumbles some strange prayers to Beogh against you.
Beogh smites you!
* * * LOW HITPOINT WARNING * * *
The moth of wrath is engulfed in seething chaos.
The moth of wrath seems to grow stronger.
You hear a shout!
You have turned to stone.
The ufetubus hits you but does no damage. x2
The orc warrior hits you but does no damage.
The ufetubus hits you but does no damage. x2
You hear a shout!
The ufetubus hits you but does no damage. x2
The orc warrior hits you but does no damage.
The orc priest calls upon Beogh to heal the orc warrior.
The orc warrior is healed somewhat.
The ufetubus hits you.
* * * LOW HITPOINT WARNING * * *
The ufetubus hits you.
* * * LOW HITPOINT WARNING * * *
The ufetubus hits you but does no damage. x4
The orc warrior hits you from afar with a +0 trident!
You die...
Xom snickers!

▓▓▓▓▓▓▓▓▓▓
▓▓.........▓
▓▓...........▓▓
▓▓...55........▓▓
▓(|.5z5..3......▓▓
▓∩("5555o.........▓▓
▓$>%:..o5o3.......∩.▓
▓▓∩$=..o.oo.5.X....▓▓
▓▓?.....55yw.)§5.▓▓
▓▓....o..o3g[.X▓▓
▓▓......o.o35▓▓
▓▓.......)§▓▓
▓▓▓▓▓▓▓▓▓▓▓


You could see 2 orc high priests, a moth of wrath (strong, resistant), a
sixfirhy (summoned, agile, paralysed, ally target), a smoke demon (summoned), 2
ynoxinuls, 5 orc warriors, a boggart, a worm, 2 orc priests, an orc wizard
(strong, invisible), 12 ufetubi and a friendly large abomination (summoned).

Vanquished Creatures
  the Royal Jelly (Slime:5)
  Antaeus (Coc:7)
  7 dread liches
  8 ancient liches
  A juggernaut (Depths:4)
  Boris (twice) (Vaults:4 Crypt:1)
  10 shard shrikes
  Margery (Vaults:4)
  Saint Roka (Depths:1)
  Geryon (Hell)
  Nikola (Snake:4)
  7 golden dragons
  Norris (Elf:3)
  10 bone dragons
  A profane servitor (Tar:1)
  2 Tzitzimimeh
  2 electric golems (Zot:2)
  A hellephant (Hell)
  18 tentacled monstrosities
  12 Ice Fiends
  A Hell Sentinel (Depths:4)
  5 liches
  Mlioglotl (Shoals:1)
  2 tainted leviathans
  19 titans
  2 deep elf master archers (Elf:3)
  3 deep elf blademasters
  2 quicksilver dragons
  Asterion (Vaults:1)
  A walking divine tome (Depths:4)
  7 sphinxes
  12 acid blobs
  An acid blob (shapeshifter) (Vaults:5)
  5 death cobs
  Frances (D:14)
  2 krakens
  A tentacled starspawn (Abyss:5)
  5 shadow dragons
  8 ancient champions
  3 draconian monks
  Agnes (D:14)
  3 storm dragons
  2 tengu reavers
  Donald (Shoals:2)
  Aizul (Snake:3)
  9 narguns
  2 draconian knights
  2 revenants
  A nagaraja (Snake:4)
  9 azure jellies
  7 rockslimes
  4 fire giants
  7 deep elf sorcerers
  11 frost giants
  Louise (Depths:3)
  12 vault wardens
  2 deep elf elementalists (Elf:3)
  4 imperial myrmidons (Desolation)
  A balrug (Depths:2)
  An iron dragon (Vaults:5)
  11 shard shrike simulacra
  A caustic shrike zombie (Crypt:3)
  2 orc warlords
  2 ghost moths (Zig:9)
  A cacodemon (Abyss:1)
  5 draconian scorchers
  5 ghouls
  6 reapers
  A broodmother (Zig:9)
  An angel (Abyss:1)
  6 curse skulls
  3 formless jellyfish
  8 ironbound preservers
  3 draconian annihilators
  2 draconian stormcallers
  5 war gargoyles
  8 quicksilver oozes
  15 very ugly things
  9 vampire knights
  15 stone giants
  6 ironbound thunderhulks
  32 elemental wellsprings
  21 wendigos
  A black draconian (Depths:4)
  11 deep elf demonologists
  5 dire elephants (Vaults:1)
  5 putrid mouths
  An eleionoma (Vaults:5)
  A bunyip (shapeshifter) (Vaults:5)
  5 red draconians
  2 lorocyprocas
  6 green draconians
  6 white draconians
  11 deep elf annihilators
  6 yellow draconians
  9 eidola
  4 spark wasps
  An iron golem (Hell)
  3 blizzard demons
  Josephine (D:14)
  11 ettins
  12 merfolk impalers
  5 crystal guardians
  3 entropy weavers
  2 merfolk javelineers (Shoals:4)
  3 deep elf high priests
  7 fire dragons
  6 ragged hierophants (Desolation)
  2 mummy priests
  11 deep elf death magi
  A shambling mangrove (Abyss:5)
  5 jiangshi
  3 rakshasas
  9 great orbs of eyes
  10 ice dragons
  16 servants of whispers
  28 vault guards
  The ghost of innerfire43 the Cleaver, a journeyman DsMo of Wu Jian (Orc:2)
  8 yaktaur captains
  A spectral spriggan (Tar:2)
  6 peacekeepers
  10 caustic shrike simulacra
  4 salamander tyrants
  8 juggernaut simulacra
  2 ghost crabs
  2 catoblepae
  2 ogre magi
  A spriggan air mage (Depths:4)
  3 merfolk avatars
  2 spriggan zombies
  7 ironbound frosthearts
  6 hydras
  A sphinx zombie (Crypt:1)
  10 anacondas
  15 centaur warriors
  An anaconda (shapeshifter) (Depths:2)
  2 spectral stone giants (Tar:1)
  A jorogumo (Zig:9)
  8 boulder beetles
  12 two-headed ogres
  An alligator (Zig:7)
  3 spriggan skeletons
  5 merfolk aquamancers
  24 dancing weapons
  7 tengu warriors
  4 satyrs (Shoals:4)
  A death knight (Crypt:1)
  3 deep troll earth magi
  An alligator (shapeshifter) (Vaults:5)
  6 orc high priests
  3 alligator snapping turtles (Shoals:4)
  12 vampire magi
  2 deep troll shamans
  3 hell hogs
  3 shock serpents (shapeshifter)
  6 death yaks (D:11)
  8 naga sharpshooters
  3 spriggan berserkers
  12 shock serpents
  11 thrashing horrors
  2 spectral nagas
  15 naga warriors
  3 sun demons
  10 soul eaters
  The ghost of Buttons842 the Mimic, a journeyman FeSh of Wu Jian (D:12)
  A crystal echidna (Hell)
  4 iron trolls
  13 deep elf knights
  33 skeletal warriors
  A pharaoh ant (Zig:9)
  4 shadow wraiths
  An orb spider (D:15)
  5 skysharks
  6 wretched stars
  A goliath frog (Zig:7)
  2 fire crabs
  23 hell knights
  A spriggan druid (Zig:3)
  The ghost of jasper the Destroyer, a novice SpCj of Vehumet (D:9)
  14 salamander mystics
  24 deep trolls
  2 sixfirhies
  A spark wasp zombie (Crypt:1)
  3 spatial maelstroms
  8 sea snakes
  A spectral hydra (Tar:1)
  3 shadow demons
  14 large abominations
  5 anaconda zombies
  11 lindwurms
  4 glowing orange brains
  4 spectral anacondas
  7 quicksilver dragon simulacra
  A swamp dragon (Zig:7)
  3 bog bodies
  6 spriggan simulacra
  3 flayed ghosts
  11 deep elf archers
  11 necromancers
  A fenstrider witch simulacrum (Coc:1)
  4 naga ritualists
  16 starcursed masses
  17 ironbound convokers
  6 orc knights
  An orange crystal statue (Hell)
  12 phantasmal warriors
  12 wizards
  4 wolf spiders
  31 deep elf pyromancers
  10 mana vipers
  9 harpies
  2 orc sorcerers
  4 anaconda skeletons
  22 deep elf zephyrmancers
  An eleionoma zombie (Crypt:2)
  49 ugly things
  2 shadow dragon skeletons
  A wolf spider (shapeshifter) (Vaults:5)
  A glowing shapeshifter (Zig:6)
  19 fauns
  6 shining eyes
  12 moths of wrath
  4 will-o-the-wisps
  44 salamanders
  An elephant (shapeshifter) (Vaults:4)
  2 fauns (shapeshifter) (Zig:6)
  10 cyclopes
  An iron dragon skeleton (Crypt:3)
  A human zombie (Vaults:1)
  2 tengu skeletons
  A spectral centaur (Tar:1)
  A spectral alligator snapping turtle (Tar:1)
  10 manticores
  22 vault sentinels
  2 torpor snails (Lair:5)
  8 merfolk sirens
  11 naga magi
  3 apocalypse crabs
  10 fire giant skeletons (Crypt:3)
  A stone giant skeleton (Depths:1)
  An eye of devastation (shapeshifter) (Vaults:5)
  10 guardian serpents
  30 black mambas
  8 titan simulacra
  2 molten gargoyles (Lair:5)
  6 gargoyles
  7 water nymphs
  14 elephants
  4 eyes of devastation
  8 cane toads
  2 unseen horrors (D:12)
  7 smoke demons
  2 naga skeletons
  A komodo dragon (shapeshifter) (Depths:3)
  A red draconian zombie (Crypt:1)
  9 komodo dragons
  41 yaktaurs
  A dire elephant skeleton (Abyss:5)
  3 kobold demonologists
  A torpor snail (shapeshifter) (Elf:1)
  3 rime drakes
  A black draconian zombie (Crypt:1)
  9 hellions
  10 freezing wraiths
  An iron troll zombie (Crypt:2)
  An alligator snapping turtle skeleton (Hell)
  A tengu conjurer (Depths:3)
  11 anaconda simulacra
  A bunyip simulacrum (Coc:2)
  An efreet (D:14)
  5 guardian mummies
  2 iron giant simulacra
  2 harpy zombies
  2 silent spectres
  6 trolls
  A mana viper zombie (Crypt:1)
  28 merfolk
  4 ancient zymes
  An iron troll skeleton (Crypt:1)
  12 ice devils (IceCv)
  5 tormentors
  2 spectral harpies
  7 wind drakes
  A meliai (shapeshifter) (D:15)
  2 tarantellas (Vaults:3)
  A bloated husk (Zig:7)
  A red devil (Hell)
  A harpy skeleton (Crypt:3)
  3 polar bears
  10 hornets
  A fire giant simulacrum (Depths:1)
  60 saltlings
  7 snapping turtles
  21 blink frogs
  An ettin zombie (Depths:1)
  9 dream sheep
  6 raiju
  2 jumping spiders (Zig:9)
  A radroach zombie (Crypt:2)
  A slime creature (shapeshifter) (Vaults:5)
  3 flying skulls
  2 iron dragon simulacra
  44 slime creatures
  2 air elementals
  2 centaur simulacra
  3 wyverns
  6 fire dragon skeletons (Crypt:3)
  8 shadows
  5 vampires
  4 culicivoras
  4 spriggans (Depths:4)
  17 water elementals
  2 yaks (shapeshifter) (D:14)
  A ynoxinul (Abyss:3)
  5 dire elephant simulacra
  10 basilisks
  9 wraiths
  A basilisk (shapeshifter) (D:7)
  9 steam dragons
  26 yaks
  An alligator snapping turtle simulacrum (Coc:1)
  2 chaos spawn (Abyss:4)
  8 neqoxecs
  4 fire elementals
  15 golden eyes
  13 redbacks
  Menkaure (D:7)
  A black mamba skeleton (Crypt:3)
  15 vampire mosquitoes
  5 death yak simulacra (IceCv)
  5 wargs
  7 spatial vortices (Abyss:4)
  19 water moccasins
  14 harpy simulacra
  33 nagas
  An acid dragon (D:14)
  4 hell hounds (Lair:5)
  3 hydra simulacra
  A two-headed ogre skeleton (Crypt:3)
  49 orc warriors
  A deep troll skeleton (Crypt:3)
  2 floating eyes
  5 ice beasts
  3 sky beasts
  15 ogres
  2 black bears
  6 ettin simulacra
  An ogre (shapeshifter) (Vaults:5)
  17 boggarts
  13 wolves
  A tengu (Lair:5)
  A tengu (shapeshifter) (Vaults:5)
  4 centaurs (Shoals:4)
  10 small abominations
  A draconian zombie (Crypt:2)
  2 kobold brigands
  2 gnoll sergeants
  A glowing shapeshifter simulacrum (Depths:1)
  A scorpion (Lair:5)
  2 earth elementals (Elf:3)
  A two-headed ogre simulacrum (IceCv)
  15 bullfrogs
  3 cane toad simulacra (IceCv)
  A wyvern zombie (D:7)
  4 wights (D:6)
  2 elephant simulacra (IceCv)
  5 killer bees (D:12)
  An orc simulacrum (Vaults:1)
  10 howler monkeys
  10 electric eels
  4 lava snakes
  2 centaur zombies
  A quasit (Abyss:3)
  Crazy Yiuf (D:2)
  4 hounds (D:5)
  21 orc priests
  2 gnoll boudas
  3 jellies
  4 iguanas
  3 sleepcaps
  26 orc wizards
  2 polar bear simulacra (IceCv)
  5 hell rats (Lair:1)
  2 troll simulacra (IceCv)
  A lightning spire (Zot:2)
  A killer bee zombie (D:7)
  3 wolf simulacra (IceCv)
  15 mummies
  19 gnolls
  12 adders
  8 naga simulacra
  3 shadow imps
  7 white imps
  5 ufetubi
  A lava snake skeleton (Crypt:2)
  2 worms
  4 dart slugs
  104 orcs
  2 ball pythons
  2 bats
  8 endoplasms
  4 giant cockroaches
  A goblin (D:1)
  3 hobgoblins
  6 jackals
  5 quokkas
  A frilled lizard (D:3)
  A hobgoblin skeleton (Crypt:2)
  20 kobolds
  A kobold skeleton (Crypt:2)
  6 rats
  A rat skeleton (Crypt:1)
2735 creatures vanquished.

Vanquished Creatures (collateral kills)
  A draconian stormcaller (Depths:4)
  A stone giant (Depths:4)
  An ironbound thunderhulk (Vaults:3)
  A purple draconian (Depths:4)
  A red draconian (Depths:4)
  2 vault guards (Vaults:3)
  A spriggan air mage (Depths:4)
  2 two-headed ogres (D:15)
  2 naga sharpshooters (Snake:4)
  A mana viper (Snake:2)
  An ugly thing (Depths:3)
  An orc knight (Orc:2)
  A molten gargoyle (Lair:5)
  A cane toad (Lair:2)
  A dream sheep (Shoals:4)
  An orc warrior (Orc:2)
  A scorpion (D:4)
  2 orc priests
  An orc wizard (Orc:2)
  2 hell rats (Lair:1)
  2 orcs
  An endoplasm (D:4)
28 creatures vanquished.

Vanquished Creatures (others)
  An Ice Fiend (Coc:4)
  A storm dragon (Zot:1)
  3 shard shrike simulacra (Coc:7)
  An elemental wellspring (Coc:4)
  3 caustic shrike simulacra
  4 juggernaut simulacra
  An alligator (Zig:3)
  A dancing weapon (Orc:2)
  A naga sharpshooter (Snake:4)
  A hell knight (Depths:3)
  A quicksilver dragon simulacrum (Coc:5)
  An ugly thing (D:15)
  A black mamba (Shoals:4)
  A titan simulacrum (Coc:5)
  2 anaconda simulacra
  An iron giant simulacrum (Coc:7)
  A tormentor (Coc:7)
  A bloated husk (Zig:7)
  A troll (Orc:2)
  3 saltlings (Desolation)
  A stone giant simulacrum (Coc:7)
  An iron dragon simulacrum (Coc:4)
  3 naga simulacra (Coc:7)
  A human (Depths:3)
  3 dire elephant simulacra
  A basilisk (Lair:5)
  2 harpy simulacra
  A warg (Orc:2)
  An orc warrior (Orc:2)
  An ettin simulacrum (Coc:1)
  A small abomination (Abyss:3)
  An orc wizard (Orc:2)
  2 orcs (Orc:2)
  12 foxfires
  4 tentacles (Shoals:4)
65 creatures vanquished.

Grand Total: 2828 creatures vanquished

Notes
Turn   | Place    | Note
-------+----------+-------------------------------------------
     0 | D:1      | Xavori the Octopode Chaos Knight began the quest for the
                  | Orb.
     0 | D:1      | Reached XP level 1. HP: 16/16 MP: 1/1
   155 | D:1      | XOM: potion effect (might)
   157 | D:1      | Reached XP level 2. HP: 21/21 MP: 2/2
   171 | D:1      | XOM: silly message
   217 | D:1      | XOM: silly message
   689 | D:2      | XOM: noise
  1595 | D:1      | XOM: noise
  2263 | D:1      | XOM: divination: detect creatures
  2454 | D:1      | XOM is BORED!
  2454 | D:1      | XOM: noise
  3063 | D:1      | XOM: noise
  3098 | D:1      | XOM is BORED!
  3833 | D:1      | XOM: give mutations
  3833 | D:1      | Gained mutation: You have hidden genetic defects. [Xom's
                  | mischief]
  3833 | D:1      | Gained mutation: You possess an exceptional clarity of
                  | mind. [Xom's mischief]
  3833 | D:1      | Lost mutation: You possess an exceptional clarity of mind.
                  | [Xom's mischief]
  3922 | D:1      | XOM: give mutations
  3922 | D:1      | Gained mutation: Your flesh is heat resistant. (rF+) [Xom's
                  | mischief]
  3922 | D:1      | Gained mutation: You are dopey. (Int -2) [Xom's mischief]
  3922 | D:1      | Gained mutation: You occasionally shout uncontrollably at
                  | your foes. [Xom's mischief]
  4579 | D:1      | XOM: give mutations
  4579 | D:1      | Lost mutation: You have hidden genetic defects. [Xom's
                  | mischief]
  4579 | D:1      | Gained mutation: You are agile. (Dex +4, Str/Int -1) [Xom's
                  | mischief]
  4579 | D:1      | Gained mutation: Your system is resistant to poisons.
                  | (rPois) [Xom's mischief]
  4579 | D:1      | Lost mutation: Your system is resistant to poisons. (rPois)
                  | [Xom's mischief]
  5644 | D:1      | XOM: summons 2 hostile demons
  5650 | D:2      | XOM: fog
  5656 | D:2      | Reached skill level 1 in Stealth
  5656 | D:2      | Reached XP level 3. HP: 25/26 MP: 3/3
  6281 | D:1      | XOM: silly message
  7251 | D:1      | XOM: summons 1 hostile demon
  8440 | D:1      | XOM: summons 1 hostile demon
  8448 | D:2      | XOM: noise
  8498 | D:1      | XOM: give mutations
  8498 | D:1      | Gained mutation: You have hidden genetic potential. [Xom's
                  | mischief]
  8498 | D:1      | Lost mutation: You have hidden genetic potential. [Xom's
                  | mischief]
  8498 | D:1      | Gained mutation: Your spells are a little easier to cast,
                  | but a little less powerful. [Xom's mischief]
  8953 | D:1      | XOM: silly message
  9194 | D:1      | XOM: noise
  9259 | D:1      | XOM is BORED!
  9259 | D:1      | XOM: give mutation
  9259 | D:1      | Gained mutation: You frequently scream uncontrollably at
                  | your foes. [Xom's mischief]
  9293 | D:1      | XOM: give mutations
  9293 | D:1      | Gained mutation: You passively dampen the noise of your
                  | surroundings. [Xom's grace]
  9293 | D:1      | Gained mutation: Your skin blends seamlessly with your
                  | surroundings (Stealth++). [Xom's grace]
  9293 | D:1      | Gained mutation: You are covered in fur. (AC +1) [Xom's
                  | grace]
  9293 | D:1      | Gained mutation: You are partially covered in iridescent
                  | scales. (AC +2) [Xom's grace]
  9544 | D:2      | Found Pirahuiw's General Store.
  9550 | D:2      | Reached XP level 4. HP: 33/33 MP: 4/4
  9554 | D:2      | Bought a potion of curing for 30 gold pieces
  9649 | D:2      | XOM: scenery: 1 doors open
  9675 | D:2      | XOM: cloud trail
  9827 | D:2      | Found a runed translucent door.
  9828 | D:2      | Noticed Crazy Yiuf
  9832 | D:2      | XOM: enchant monster (good)
  9833 | D:2      | XOM: potion effect (might)
  9837 | D:2      | Killed Crazy Yiuf
 10205 | D:3      | Found Etiy's Antique Weapon Shoppe.
 10348 | D:3      | Reached XP level 5. HP: 32/37 MP: 5/5
 10361 | D:3      | XOM: divination: detect creatures
 10619 | D:3      | XOM: cloud trail
 10637 | D:3      | XOM: scenery: summon butterflies
 10641 | D:3      | XOM: divination: detect items
 10668 | D:3      | Found a faded altar of an unknown god.
 10748 | D:3      | XOM: god gift: boomerang
 11027 | D:4      | Noticed an ogre
 11030 | D:4      | XOM: repel stairs
 11035 | D:4      | XOM: scenery: create altars
 11042 | D:4      | XOM: cast spell 'Call Canine Familiar'
 11048 | D:4      | Killed an ogre
 11049 | D:4      | Reached skill level 5 in Stealth
 11049 | D:4      | Reached XP level 6. HP: 39/43 MP: 6/6
 11073 | D:4      | Found the +6 shillelagh "Devastator" {shatter}
 11188 | D:4      | XOM: summons friendly white imp
 11321 | D:4      | Found a broken altar of Ashenzari.
 11325 | D:4      | Saw a vision of the Shoals and the Snake Pit.
 11325 | D:4      | Noticed a merfolk
 11325 | D:4      | Noticed a sea snake
 11325 | D:4      | Noticed a naga warrior
 11325 | D:4      | Noticed a naga mage
 11325 | D:4      | Noticed a guardian serpent
 11325 | D:4      | Noticed a naga
 11325 | D:4      | Noticed a mana viper
 11325 | D:4      | Noticed a merfolk
 11325 | D:4      | Noticed a water nymph
 11326 | D:4      | Noticed a skyshark
 11368 | D:5      | Entered Level 5 of the Dungeon
 11371 | D:5      | Found a snail-covered altar of Cheibriados.
 11427 | D:5      | Reached XP level 7. HP: 48/48 MP: 7/7
 11621 | D:5      | Reached skill level 5 in Short Blades
 11621 | D:5      | Reached skill level 1 in Shapeshifting
 11749 | D:5      | XOM: give mutations
 11749 | D:5      | Gained mutation: You are very agile. (Dex +8, Str/Int -2)
                  | [Xom's grace]
 11749 | D:5      | Lost mutation: You are dopey. (Int -2) [Xom's grace]
 11749 | D:5      | Gained mutation: One of your tentacles bears a spike.
                  | [Xom's grace]
 11749 | D:5      | Gained mutation: Your flesh is cold resistant. (rC+) [Xom's
                  | grace]
 11757 | D:5      | XOM: summons friendly hellwing
 11773 | D:5      | XOM: polymorph hellwing -> ice devil
 11781 | D:5      | Reached XP level 8. HP: 43/54 MP: 8/8
 11799 | D:5      | XOM: 2-stop teleportation journey
 12029 | D:5      | Found a staircase to the Ecumenical Temple.
 12160 | D:6      | Identified the +7 dagger of Deformation {speed, rF+}
 12187 | D:6      | XOM: confusion
 12198 | D:6      | XOM: silly message
 12217 | D:6      | XOM: noise
 12225 | D:6      | XOM: noise
 12236 | D:6      | XOM: silly message
 12249 | D:6      | XOM: stat loss: -1 Str (8/9)
 12287 | D:6      | Reached XP level 9. HP: 46/60 MP: 9/9
 12586 | D:6      | Found Gozag's Platinum Reserve.
 12587 | D:6      | Found an opulent altar of Gozag.
 12594 | D:6      | XOM: chaos cloud
 12614 | D:6      | XOM: summons 1 hostile shadow creature
 12796 | D:6      | XOM: draining
 12804 | D:6      | Reached skill level 10 in Stealth
 12809 | D:6      | Reached skill level 5 in Fighting
 12925 | D:6      | XOM: give mutations
 12925 | D:6      | Lost mutation: One of your tentacles bears a spike. [Xom's
                  | mischief]
 12925 | D:6      | Lost mutation: You are very agile. (Dex +8, Str/Int -2)
                  | [Xom's mischief]
 12925 | D:6      | Lost mutation: You frequently scream uncontrollably at your
                  | foes. [Xom's mischief]
 12925 | D:6      | Lost mutation: You passively dampen the noise of your
                  | surroundings. [Xom's mischief]
 12941 | D:6      | XOM: give mutation
 12941 | D:6      | Lost mutation: You occasionally shout uncontrollably at
                  | your foes. [Xom's mischief]
 12951 | D:7      | Noticed Menkaure
 12959 | D:7      | Killed Menkaure
 13080 | D:7      | XOM: polymorph orc wizard -> shapeshifter
 13080 | D:7      | a shapeshifter changed into a wind drake
 13080 | D:7      | Noticed a wind drake (shapeshifter)
 13084 | D:7      | XOM: chaos cloud
 13089 | D:7      | a wind drake changed into a shapeshifter
 13089 | D:7      | XOM: polymorph wind drake -> shapeshifter
 13093 | D:7      | XOM: chaos cloud
 13105 | D:7      | Reached skill level 5 in Shapeshifting
 13105 | D:7      | XOM: enchant monster (bad)
 13105 | D:7      | XOM: smoke on damage
 13332 | D:7      | XOM: enchant monster (bad)
 13553 | D:7      | XOM: noise
 13732 | D:7      | Found a bloodstained altar of Trog.
 13870 | D:7      | XOM: cloud trail
 13912 | D:7      | XOM: summons 2 hostile demons
 13935 | D:7      | XOM: 9-stop teleportation journey
 13993 | D:7      | XOM: summons 2 hostile demons
 14139 | D:7      | Found a basalt altar of Yredelemnul.
 14186 | D:7      | XOM: give mutations
 14186 | D:7      | Lost mutation: Your spells are a little easier to cast, but
                  | a little less powerful. [Xom's mischief]
 14186 | D:7      | Gained mutation: You are mostly covered in iridescent
                  | scales. (AC +4) [Xom's mischief]
 14352 | D:8      | XOM: divination: detect creatures
 14454 | D:8      | XOM: enchant monster (good)
 14456 | D:8      | Reached XP level 10. HP: 63/66 MP: 10/10
 14528 | D:8      | XOM: smoke on damage
 14563 | D:8      | XOM: 2-stop teleportation journey
 14656 | D:8      | XOM: give mutation
 14656 | D:8      | Gained mutation: Your muscles are strong. (Str +4, Int/Dex
                  | -1) [Xom's grace]
 14708 | D:8      | Noticed a two-headed ogre
 14717 | D:8      | Killed a two-headed ogre
 14718 | D:8      | Reached skill level 5 in Dodging
 14746 | D:8      | XOM: destruction
 14802 | D:8      | Found a glowing golden altar of the Shining One.
 14855 | D:8      | XOM: summons 2 hostile shadow creatures
 14961 | D:8      | XOM: give mutations
 14961 | D:8      | Lost mutation: Your flesh is heat resistant. (rF+) [Xom's
                  | mischief]
 14961 | D:8      | Lost mutation: Your muscles are strong. (Str +4, Int/Dex
                  | -1) [Xom's mischief]
 14961 | D:8      | Gained mutation: Your body sometimes deteriorates upon
                  | taking damage. [Xom's mischief]
 15009 | D:8      | Found a radiant altar of Vehumet.
 15009 | D:8      | Found a shimmering altar of Xom.
 15119 | D:8      | Identified a scroll of acquirement
 15119 | D:8      | Acquired the +7 quick blade of Corpus Delicti {heavy, rPois
                  | rCorr Int-5 Dex+5}
 15227 | D:9      | Noticed a two-headed ogre
 15232 | D:9      | Killed a two-headed ogre
 15396 | D:9      | Found a hide-covered altar of Uskayaw.
 15434 | D:9      | Found a runed translucent gate.
 15434 | D:9      | Found a runed translucent gate.
 15434 | D:9      | Found a runed translucent gate.
 15578 | D:9      | Noticed jasper's ghost (novice SpCj)
 15594 | D:9      | XOM: chaos upgrade
 15603 | D:9      | XOM: give mutations
 15603 | D:9      | Gained mutation: Your body often deteriorates upon taking
                  | damage. [Xom's mischief]
 15603 | D:9      | Gained mutation: You are dopey. (Int -2) [Xom's mischief]
 15639 | D:9      | XOM: summons 6 hostile demons
 16023 | D:9      | XOM: cloud trail
 16048 | D:9      | XOM: scenery: 3 doors open
 16049 | D:9      | XOM: polymorph white imp -> shadow imp
 16060 | D:9      | Killed jasper's ghost
 16125 | D:9      | Got the ring "Vaolisim" {Fire Will+ Slay+3}
 16171 | D:10     | Entered Level 10 of the Dungeon
 16188 | D:10     | Reached XP level 11. HP: 72/72 MP: 11/11
 16241 | D:10     | Found a staircase to the Orcish Mines.
 16242 | D:10     | XOM: summons 2 friendly demons
 16399 | D:10     | Found a shimmering blue altar of Sif Muna.
 16691 | D:10     | Found a stormy altar of Qazlal.
 16804 | D:10     | XOM: give mutations
 16804 | D:10     | Gained mutation: You expend magic power (3 MP) to
                  | strengthen your wands. [Xom's grace]
 16804 | D:10     | Gained mutation: One of your tentacles bears a spike.
                  | [Xom's grace]
 16804 | D:10     | Gained mutation: You passively dampen the noise of your
                  | surroundings. [Xom's grace]
 16835 | D:11     | Noticed a two-headed ogre
 16842 | D:11     | Killed a two-headed ogre
 16944 | D:11     | XOM: divination: detect items
 16967 | D:11     | Noticed a two-headed ogre
 16974 | D:11     | Killed a two-headed ogre
 16984 | D:11     | Found a frozen archway.
 17022 | D:11     | XOM: noise
 17031 | IceCv    | Entered an ice cave
 17037 | IceCv    | XOM: god gift: 26 gold pieces
 17127 | IceCv    | XOM: 1-stop teleportation journey
 17144 | IceCv    | XOM: potion effect (attraction)
 17158 | IceCv    | XOM: 2-stop teleportation journey
 17179 | IceCv    | XOM: god gift: 53 gold pieces
 17206 | IceCv    | Found an ancient bone altar of Kikubaaqudgha.
 17225 | IceCv    | Reached skill level 15 in Stealth
 17353 | IceCv    | XOM: cleaving
 17368 | IceCv    | XOM: scenery: summon butterflies
 17373 | IceCv    | XOM: scenery: create altars
 17375 | IceCv    | XOM: 1-stop teleportation journey
 17540 | IceCv    | Noticed a white ugly thing
 17546 | IceCv    | Killed a white ugly thing
 17547 | IceCv    | Reached skill level 1 in Shields
 17601 | IceCv    | XOM: summons 10 friendly demons
 17715 | IceCv    | XOM: cloud trail
 17946 | IceCv    | Reached XP level 12. HP: 80/80 MP: 12/12
 18091 | IceCv    | Reached skill level 2 in Shields
 18239 | D:11     | XOM: silly message
 18274 | D:9      | XOM: divination: detect items
 18307 | D:6      | XOM: divination: magic mapping
 18509 | D:11     | XOM is BORED!
 18509 | D:11     | XOM: silly message
 18647 | D:11     | Noticed a death yak
 18647 | D:11     | Noticed a death yak
 18647 | D:11     | Noticed a death yak
 18648 | D:11     | Found a staircase to the Lair.
 18648 | D:11     | Noticed a death yak
 18648 | D:11     | XOM: potion effect (brilliance)
 18656 | D:11     | Killed a death yak
 18669 | D:11     | XOM: potion effect (brilliance)
 18670 | D:11     | XOM: noise
 18671 | D:11     | Killed a death yak
 18673 | D:11     | XOM: noise
 18675 | D:11     | Killed a death yak
 18751 | D:11     | Reached skill level 10 in Short Blades
 18946 | D:11     | Noticed a death yak
 18946 | D:11     | Noticed a death yak
 18950 | D:11     | XOM: silly message
 18962 | D:11     | Killed a death yak
 18963 | D:11     | Reached skill level 3 in Shields
 18966 | D:11     | Killed a death yak
 18970 | D:11     | Killed a death yak
 19124 | D:11     | Found a shadowy altar of Dithmenos.
 19179 | D:11     | Noticed a boulder beetle
 19186 | D:11     | Killed a boulder beetle
 19274 | Lair:1   | Entered Level 1 of the Lair of Beasts
 19318 | Lair:1   | Found a basalt altar of Yredelemnul.
 19336 | Lair:1   | XOM: confusion (+ monsters)
 19402 | Lair:1   | Identified the -2 cloak of Wivug {Will+ SInv}
 19418 | Lair:1   | XOM: cast spell 'Summon Cactus Giant'
 19547 | Lair:1   | XOM: potion effect (invisibility)
 19564 | Lair:1   | Reached skill level 4 in Shields
 19647 | Lair:1   | Reached XP level 13. HP: 88/88 MP: 13/13
 20064 | Lair:2   | XOM is BORED!
 20064 | Lair:2   | XOM: noise
 20095 | Lair:2   | Identified the +2 whip of Classification {heavy, Str+4
                  | Dex+2}
 20361 | Lair:2   | Found a staircase to the Snake Pit.
 20374 | Lair:2   | XOM is BORED!
 20374 | Lair:2   | XOM: noise
 20376 | Lair:2   | XOM: smoke on damage
 20403 | Lair:2   | XOM: noise
 20524 | Lair:2   | XOM: cast spell 'Summon Cactus Giant'
 20792 | Lair:2   | Found a staircase to the Shoals.
 20885 | Lair:2   | XOM: divination: detect creatures
 20889 | Lair:2   | XOM: confuse monster(s)
 20892 | Lair:2   | XOM: silly message
 20923 | Lair:2   | XOM: summons friendly shadow imp
 20931 | Lair:2   | XOM: enchant monster (bad)
 20937 | Lair:2   | XOM: summons friendly crimson imp
 21111 | Lair:2   | XOM: noise
 21200 | Lair:2   | XOM: silly message
 21465 | Lair:2   | XOM: god gift: encrusted coral ring {god gift}
 21570 | Lair:3   | XOM: 2-stop teleportation journey
 21637 | Lair:3   | You fall into a shaft and drop 2 floors!
 21637 | Lair:5   | Entered Level 5 of the Lair of Beasts
 21645 | Lair:5   | Identified the ring of the Queen {Ice Dex+3 Stlth+}
 21690 | Lair:4   | Found a viscous altar of Jiyva.
 21690 | Lair:4   | Found a staircase to the Slime Pits.
 21749 | Lair:4   | Reached skill level 5 in Shields
 21753 | Lair:4   | Identified the +9 great sword of the Fray {freeze, rPois
                  | rC+ Int+3}
 22145 | Lair:3   | XOM: give mutation
 22145 | Lair:3   | Lost mutation: Your flesh is cold resistant. (rC+) [Xom's
                  | mischief]
 22337 | Lair:3   | XOM: divination: detect items
 22473 | Lair:4   | XOM: 3-stop teleportation journey
 22556 | Lair:4   | XOM: summons friendly white imp
 22563 | Lair:4   | XOM: god gift: +4 rapier of chaos
 22625 | Lair:4   | XOM: enchant monster (bad)
 22730 | Lair:4   | XOM: give mutations
 22730 | Lair:4   | Lost mutation: One of your tentacles bears a spike. [Xom's
                  | mischief]
 22730 | Lair:4   | Lost mutation: You are agile. (Dex +4, Str/Int -1) [Xom's
                  | mischief]
 22875 | Lair:5   | Reached skill level 1 in Evocations
 22875 | Lair:5   | Reached XP level 14. HP: 88/95 MP: 14/14
 22881 | Lair:4   | XOM: enchant monster (good)
 22956 | Lair:5   | XOM: give mutation
 22956 | Lair:5   | Lost mutation: You expend magic power (3 MP) to strengthen
                  | your wands. [Xom's mischief]
 23045 | Lair:5   | XOM: noise
 23084 | Lair:5   | XOM: give mutations
 23084 | Lair:5   | Gained mutation: One of your tentacles bears a spike.
                  | [Xom's grace]
 23084 | Lair:5   | Gained mutation: Your flesh is heat resistant. (rF+) [Xom's
                  | grace]
 23084 | Lair:5   | Gained mutation: Your muscles are strong. (Str +4, Int/Dex
                  | -1) [Xom's grace]
 23142 | Lair:5   | Reached skill level 6 in Shields
 23230 | Lair:5   | XOM: 1-stop teleportation journey
 23487 | Lair:5   | XOM: scenery: create altars
 23488 | Lair:5   | XOM: divine lightning
 23494 | Lair:5   | XOM: summons 8 friendly demons
 23500 | Lair:5   | XOM: summons 1 friendly demon
 23511 | Lair:5   | XOM: summons friendly crimson imp
 23639 | Lair:5   | XOM: polymorph water moccasin -> tengu
 23642 | Lair:5   | XOM: 4-stop teleportation journey
 23837 | Lair:5   | XOM: summons friendly ufetubus
 24005 | Lair:5   | Found a large runed translucent door.
 24006 | Lair:5   | Found a large runed translucent door.
 24013 | Lair:5   | XOM: enchant monster (good)
 24015 | Lair:5   | Reached skill level 7 in Shields
 24461 | Lair:5   | XOM: polymorph water moccasin -> worm
 24531 | Lair:5   | XOM: scenery: 1 doors close
 24592 | Lair:5   | XOM: confuse monster(s)
 24600 | Lair:5   | Identified the +5 spear "Xiwuidd" {flame, Str+3 Dex+3
                  | Stlth+}
 24894 | D:10     | XOM: stat loss: -1 Dex (21/23)
 24899 | Orc:1    | Entered Level 1 of the Orcish Mines
 24906 | Orc:1    | Found Xahut's Jewellery Emporium.
 24906 | Orc:1    | XOM: 2-stop teleportation journey
 24929 | Orc:1    | XOM: enchant monster (good)
 24936 | Orc:1    | Reached skill level 10 in Dodging
 25111 | Orc:2    | Entered Level 2 of the Orcish Mines
 25226 | Orc:2    | XOM: divination: detect creatures
 25248 | Orc:2    | XOM: cast spell 'Leda's Liquefaction'
 25287 | Orc:1    | Reached skill level 10 in Shapeshifting
 25604 | Orc:2    | Found a staircase to the Elven Halls.
 25724 | Orc:2    | Found Bopnu's General Store.
 25737 | Orc:2    | Bought a scroll of blinking for 112 gold pieces
 25860 | Orc:2    | Found Qekaphavay's Antique Weapon Shoppe.
 25973 | Orc:2    | Noticed an orc warlord
 25974 | Orc:2    | Found Tuydatz's Antique Weapon Shoppe.
 25975 | Orc:2    | XOM: divine lightning
 25976 | Orc:2    | Found Edopsif's Antique Armour Emporium.
 25976 | Orc:2    | XOM: scenery: 2 doors open, 2 doors close
 25977 | Orc:2    | XOM: enchant monster (good)
 26009 | Orc:2    | XOM: enchant monster (good)
 26018 | Orc:2    | XOM: summons friendly shadow imp
 26130 | Orc:2    | Killed an orc warlord
 26131 | Orc:2    | Reached skill level 8 in Shields
 26131 | Orc:2    | Reached XP level 15. HP: 60/101 MP: 15/15
 26313 | Orc:2    | Found a transporter.
 26314 | Orc:2    | Found a transporter.
 26314 | Orc:2    | Noticed innerfire43's ghost (journeyman DsMo)
 26336 | Orc:2    | XOM: enchant monster (bad)
 26362 | Orc:2    | XOM: god gift: wand of paralysis (4)
 26511 | Orc:2    | XOM: divination: detect items
 26514 | Orc:2    | Killed innerfire43's ghost
 26768 | D:12     | Found the +9 staff of Olgreb {rPois∞}
 26779 | D:12     | Found a runed translucent gate.
 26779 | D:12     | Found a runed translucent gate.
 26780 | D:12     | Found a runed translucent door.
 26794 | D:12     | Found a runed translucent gate.
 26803 | D:12     | Found a runed translucent door.
 26883 | D:12     | XOM: noise
 26915 | D:12     | Found a runed translucent door.
 26915 | D:12     | Noticed Buttons842's ghost (journeyman FeSh)
 27445 | D:12     | XOM: silly message
 27479 | D:12     | XOM: divination: detect items
 27482 | D:12     | XOM: silly message
 27518 | D:12     | XOM: silly message
 27528 | D:12     | XOM: noise
 27588 | D:12     | XOM: noise
 27624 | D:12     | Killed Buttons842's ghost
 27625 | D:12     | Reached skill level 9 in Shields
 27735 | D:13     | XOM: 2-stop teleportation journey
 27895 | D:13     | Found a gate to the Vaults.
 27988 | D:13     | XOM: confuse monster(s)
 28108 | D:13     | XOM: silly message
 28219 | D:14     | Noticed Agnes
 28225 | D:14     | Killed Agnes
 28493 | D:14     | Noticed Frances
 28493 | D:14     | XOM: 3-stop teleportation journey
 28496 | D:14     | Killed Frances
 28531 | D:14     | Noticed Josephine
 28540 | D:14     | XOM: silly message
 28541 | D:14     | Killed Josephine
 28636 | D:14     | XOM: confuse monster(s)
 28820 | D:14     | XOM: silly message
 28866 | D:14     | Found a shimmering altar of Xom.
 28871 | D:14     | XOM: divination: detect items
 28872 | D:14     | XOM: potion effect (invisibility)
 28875 | D:14     | XOM: fake destruction
 28878 | D:14     | XOM: fake destruction
 28890 | D:14     | XOM: summons 1 hostile shadow creature
 28908 | D:14     | XOM: swap monsters
 28921 | D:14     | Reached skill level 5 in Evocations
 29100 | D:15     | Entered Level 15 of the Dungeon
 29109 | D:15     | Reached XP level 16. HP: 108/108 MP: 16/16
 29186 | D:15     | Reached skill level 10 in Shields
 29186 | D:15     | XOM: 2-stop teleportation journey
 29197 | D:15     | XOM: give mutations
 29197 | D:15     | Lost mutation: One of your tentacles bears a spike. [Xom's
                  | mischief]
 29197 | D:15     | Lost mutation: Your muscles are strong. (Str +4, Int/Dex
                  | -1) [Xom's mischief]
 29302 | D:15     | XOM: noise
 29308 | D:15     | XOM: cast spell 'Summon Horrible Things'
 29311 | D:15     | XOM: scenery: create altars
 29319 | D:15     | XOM: divination: detect items
 29325 | D:15     | XOM: summons friendly crimson imp
 29339 | D:15     | XOM: divine lightning
 29542 | D:15     | XOM: polymorph tengu warrior -> orb spider
 29547 | D:15     | Found a staircase to the Depths.
 29715 | D:15     | XOM: god gift: 6 stones
 29938 | Lair:2   | XOM: 2-stop teleportation journey
 29958 | Snake:1  | Entered Level 1 of the Snake Pit
 29972 | Snake:1  | XOM: summons friendly crimson imp
 29979 | Snake:1  | Acquired the ring "Ymuryvam" {rPois Will+ EV+5}
 30086 | Snake:1  | Identified the +8 rapier of the Realm of Zot {flame, MP+9}
 30177 | Snake:1  | XOM: summons 16 friendly demons
 30251 | Snake:1  | XOM: summons 2 friendly demons
 30586 | Snake:1  | Upgraded the game from 0.31-a0-542-gdc2a67831c to
                  | 0.31-a0-544-gceb718ecc6
 30713 | Snake:2  | XOM: give mutations
 30713 | Snake:2  | Gained mutation: Your system is resistant to poisons.
                  | (rPois) [Xom's grace]
 30713 | Snake:2  | Gained mutation: Your spells are a little harder to cast,
                  | but a little more powerful. [Xom's grace]
 30713 | Snake:2  | Gained mutation: You are agile. (Dex +4, Str/Int -1) [Xom's
                  | grace]
 30947 | Snake:2  | XOM: 5-stop teleportation journey
 30953 | Snake:2  | XOM: smoke on damage
 31093 | Snake:2  | Reached skill level 10 in Fighting
 31096 | Snake:2  | XOM: smoke on damage
 31156 | Snake:2  | XOM: torment (63/109 hp)
 31160 | Snake:2  | XOM: polymorph salamander -> moth of wrath
 31252 | Snake:2  | XOM: polymorph salamander -> floating eye
 31256 | Snake:2  | Paralysed by a floating eye for 3 turns
 31340 | Snake:2  | XOM: summons 3 hostile demons
 31344 | Snake:2  | Reached XP level 17. HP: 86/115 MP: 13/17
 31358 | Snake:2  | Reached skill level 11 in Shields
 31637 | Snake:2  | Found Wuar's Antique Armour Boutique.
 31843 | Snake:2  | XOM: enchant monster (good)
 32018 | Snake:2  | XOM: silly message
 32282 | Snake:2  | XOM: enchant monster (good)
 32314 | Snake:2  | Got the Vademecum on the Viridian Commander
 32398 | Snake:2  | XOM: draining
 32730 | Snake:3  | XOM: summons friendly ufetubus
 32816 | Snake:3  | XOM: give mutation
 32816 | Snake:3  | Gained mutation: You are completely covered in iridescent
                  | scales. (AC +6) [Xom's grace]
 32846 | Snake:3  | XOM: potion effect (might)
 32852 | Snake:3  | XOM: enchant monster (good)
 32854 | Snake:3  | XOM: confuse monster(s)
 32856 | Snake:3  | XOM: fake destruction
 33162 | Snake:4  | Entered Level 4 of the Snake Pit
 33164 | Snake:4  | XOM: confusion
 33166 | Snake:4  | Found a transporter.
 33184 | Snake:4  | XOM: silly message
 33185 | Snake:4  | XOM: repel stairs
 33190 | Snake:4  | Reached skill level 12 in Shields
 33231 | Snake:4  | Found a transporter.
 33351 | Snake:4  | Found a transporter.
 33368 | Snake:4  | Found a transporter.
 33369 | Snake:4  | XOM: blink monster(s)
 33381 | Snake:4  | Noticed Vashnia
 33381 | Snake:4  | Noticed Aizul
 33387 | Snake:4  | XOM: confusion
 33390 | Snake:4  | XOM: blink monster(s)
 33392 | Snake:4  | Found Zewk's General Store.
 33685 | Snake:3  | Killed Aizul
 33885 | Snake:4  | XOM: confusion
 33886 | Snake:4  | XOM: fog
 34185 | Snake:4  | XOM: cast spell 'Olgreb's Toxic Radiance'
 34188 | Snake:4  | Vashnia changed into Vashnia the frost giant
 34188 | Snake:4  | Noticed Vashnia
 34188 | Snake:4  | XOM: polymorph Vashnia -> Vashnia the frost giant
 34192 | Snake:4  | XOM: enchant monster (good)
 34194 | Snake:4  | Killed Vashnia the frost giant
 34197 | Snake:4  | Reached XP level 18. HP: 117/121 MP: 18/18
 34333 | Snake:4  | Found a transporter.
 34334 | Snake:4  | Found a transporter.
 34610 | Snake:4  | Noticed Nikola
 34618 | Snake:4  | Killed Nikola
 34665 | Snake:4  | Reached skill level 13 in Shields
 34730 | Snake:4  | XOM: cast spell 'Call Canine Familiar'
 34745 | Snake:4  | XOM: summons friendly iron imp
 34749 | Snake:4  | XOM: fake destruction
 34799 | Snake:4  | Got a serpentine rune of Zot
 35126 | Lair:2   | XOM is BORED!
 35126 | Lair:2   | XOM: draining
 35146 | Shoals:1 | Entered Level 1 of the Shoals
 35196 | Shoals:1 | Noticed Mlioglotl
 35227 | Shoals:1 | XOM: summons 10 hostile demons
 35308 | Shoals:1 | Found Ziatinut's CLEARANCE SALE!.
 35925 | Shoals:1 | Killed Mlioglotl
 36124 | Shoals:2 | XOM: stealth player
 36141 | Shoals:2 | Identified the +0 kite shield "Soeprog" {Will+ rCorr Str-5}
 36141 | Shoals:2 | Noticed Donald
 36148 | Shoals:2 | Killed Donald
 36182 | Shoals:2 | XOM: summons friendly chaos spawn
 36194 | Shoals:2 | Found a flickering gateway to a bazaar.
 36199 | Bazaar   | Entered a bazaar
 36199 | Bazaar   | Found Toxzoega's Antique Armour Boutique.
 36371 | Bazaar   | Found Mojuddoa's Jewellery Boutique.
 36379 | Bazaar   | Bought a talisman of death for 1705 gold pieces
 36382 | Bazaar   | Found Tukireul's General Store.
 36390 | Bazaar   | Found Abutwiko's Antique Weapon Shoppe.
 36412 | Bazaar   | Found Ynky's Magic Scroll Emporium.
 36420 | Bazaar   | Bought a scroll of teleportation for 36 gold pieces
 36420 | Bazaar   | Bought a scroll of teleportation for 36 gold pieces
 36420 | Bazaar   | Bought a scroll of teleportation for 36 gold pieces
 36420 | Bazaar   | Bought a scroll of revelation for 90 gold pieces
 36837 | Shoals:2 | XOM: stat loss: -1 Str (15/16)
 37515 | Shoals:3 | XOM: 1-stop teleportation journey
 37685 | Shoals:3 | XOM: enchant monster (bad)
 37694 | Shoals:3 | XOM: silly message
 37752 | Shoals:3 | Reached skill level 15 in Short Blades
 37763 | Shoals:3 | Reached skill level 14 in Shields
 38261 | Shoals:4 | Entered Level 4 of the Shoals
 38293 | Shoals:4 | XOM: polymorph harpy -> black mamba
 38297 | Shoals:4 | Reached XP level 19. HP: 108/127 MP: 19/19
 38484 | Shoals:3 | XOM: cloud trail
 38600 | Shoals:4 | XOM: silly message
 38601 | Shoals:4 | XOM: confuse monster(s)
 38604 | Shoals:4 | XOM: silly message
 38629 | Shoals:4 | XOM: silly message
 38837 | Shoals:4 | XOM: 1-stop teleportation journey
 38908 | Shoals:4 | XOM: summons friendly quasit
 38911 | Shoals:4 | XOM: smoke on damage
 39038 | Shoals:4 | Found a glowing golden altar of the Shining One.
 39088 | Shoals:4 | XOM: enchant monster (bad)
 39241 | Shoals:4 | XOM: noise
 39244 | Shoals:4 | XOM: butterfly on damage
 39251 | Shoals:4 | XOM: confusion (+ monsters)
 39263 | Shoals:4 | Got a barnacled rune of Zot
 39318 | Shoals:4 | XOM: cast spell 'Summon Horrible Things'
 39717 | Shoals:4 | XOM: god gift: staff of conjuration
 40035 | Elf:1    | Entered Level 1 of the Elven Halls
 40082 | Elf:1    | XOM: blink monster(s)
 40176 | Elf:1    | Reached skill level 15 in Shields
 40242 | Elf:1    | Found a crumbling gateway.
 40251 | Desolati | Entered the Desolation of Salt
 40264 | Desolati | Reached skill level 10 in Evocations
 40270 | Desolati | XOM: divination: magic mapping
 40280 | Desolati | XOM: divination: magic mapping
 40284 | Desolati | XOM: enchant monster (bad)
 40291 | Desolati | XOM: silly message
 40300 | Desolati | XOM: enchant monster (bad)
 40610 | Desolati | XOM: silly message
 40783 | Desolati | XOM: enchant monster (bad)
 40791 | Desolati | XOM: divine lightning
 40817 | Desolati | Got the Directory of the Maledictive Band
 40820 | Desolati | Got the Grimoire of Translocation
 40850 | Desolati | Identified the +6 executioner's axe of Eternal War {venom,
                  | Dex+3}
 40850 | Desolati | XOM: 1-stop teleportation journey
 40867 | Desolati | Found the +1 robe of Vines {NoPotionHeal Regen++++}
 40944 | Desolati | XOM: enchant monster (bad)
 41069 | Desolati | XOM: 1-stop teleportation journey
 41105 | Desolati | Reached XP level 20. HP: 121/134 MP: 20/20
 41131 | Desolati | Got the Tome of the Rocks and Misery
 41139 | Desolati | Identified the ring "Bum Ynis" {Contam rC+++ EV+5 SInv
                  | Stlth-}
 41332 | Desolati | XOM: potion effect (attraction)
 41802 | Elf:1    | XOM: polymorph deep elf knight -> shining eye
 41929 | Elf:1    | XOM: blink monster(s)
 42103 | Elf:2    | XOM: enchant monster (bad)
 42106 | Elf:2    | XOM: potion effect (brilliance)
 42276 | Elf:2    | Reached skill level 16 in Shields
 42299 | Elf:2    | XOM: summons 2 hostile shadow creatures
 42306 | Elf:2    | Found a huge runed translucent gate.
 42306 | Elf:2    | Found a huge runed translucent gate.
 42306 | Elf:2    | Found a huge runed translucent gate.
 42306 | Elf:2    | Found a huge runed translucent gate.
 42306 | Elf:2    | Found a huge runed translucent gate.
 42350 | Elf:2    | Noticed Roxanne
 42530 | Elf:2    | XOM: cloud trail
 42716 | Elf:2    | XOM: polymorph deep elf pyromancer -> moth of wrath
 42766 | Elf:2    | XOM: summons friendly quasit
 42905 | Elf:2    | XOM: confuse monster(s)
 43031 | Elf:2    | XOM: divination: detect creatures
 43173 | Elf:3    | Entered Level 3 of the Elven Halls
 43173 | Elf:3    | Found Botys's Jewellery Emporium.
 43243 | Elf:3    | XOM: potion effect (haste)
 43244 | Elf:3    | XOM: potion effect (brilliance)
 43253 | Elf:3    | XOM: potion effect (attraction)
 43343 | Elf:3    | Found the +6 arbalest "Damnation" {damnation}
 43347 | Elf:3    | Identified the +0 cloak of Hospitality {Int+3 Stlth+}
 43364 | Elf:3    | Identified the orb of Saenugye {*channel, rElec rF- Regen+
                  | Dex+2}
 43374 | Elf:3    | Got the Directory of Conflict
 43392 | Elf:3    | Found the +3 hat of Pondering {ponderous, Will+ MP+10
                  | Int+5}
 43392 | Elf:3    | Identified the +9 war axe "Xugh" {antimagic, Dex+3}
 43392 | Elf:3    | Identified the +7 whip of Okawaru, Inviting {vamp, rElec
                  | SInv}
 43414 | Elf:3    | Reached skill level 15 in Shapeshifting
 43453 | Elf:3    | Identified the +4 orcbow "Qaisepso" {antimagic, rF+ Str+3}
 43469 | Elf:3    | Identified the staff "Mepianown" {rElec rF+ rN+ rCorr MP-9
                  | Necro}
 43473 | Elf:3    | Got the Atlas of Blazing Allies
 43478 | Elf:3    | XOM: potion effect (heal wounds)
 43484 | Elf:3    | Reached XP level 21. HP: 140/140 MP: 21/21
 43489 | Elf:3    | XOM: potion effect (invisibility)
 43591 | Elf:3    | Reached skill level 15 in Dodging
 43632 | Elf:3    | Noticed Norris
 43642 | Elf:3    | Killed Norris
 43662 | Elf:3    | Found Ygiron's Weapon Emporium.
 43727 | Elf:3    | Found Ihitze's Magic Scroll Shoppe.
 43738 | Elf:3    | Found a shimmering blue altar of Sif Muna.
 43746 | Elf:3    | Bought a scroll of teleportation for 54 gold pieces
 43746 | Elf:3    | Bought a scroll of brand weapon for 171 gold pieces
 43746 | Elf:3    | Bought a scroll of enchant weapon for 135 gold pieces
 44339 | Vaults:1 | Entered Level 1 of the Vaults
 44730 | Vaults:1 | Noticed Asterion
 44733 | Vaults:1 | Killed Asterion
 45103 | Vaults:1 | XOM: give mutations
 45103 | Vaults:1 | Lost mutation: You are covered in fur. (AC +1) [Xom's
                  | mischief]
 45103 | Vaults:1 | Lost mutation: Your skin blends seamlessly with your
                  | surroundings (Stealth++). [Xom's mischief]
 45103 | Vaults:1 | Lost mutation: Your system is resistant to poisons. (rPois)
                  | [Xom's mischief]
 45103 | Vaults:1 | Gained mutation: Your flesh is cold resistant. (rC+) [Xom's
                  | mischief]
 45385 | Vaults:2 | Identified the +8 spear "Dragon's Tongue" {elec, rPois
                  | Str+3 SInv}
 45503 | Vaults:2 | XOM: chaos upgrade
 45504 | Vaults:2 | Reached skill level 17 in Shields
 46064 | Vaults:2 | Found a staircase to the Crypt.
 46392 | Vaults:3 | XOM: confusion (+ monsters)
 46486 | Vaults:3 | Reached XP level 22. HP: 146/146 MP: 22/22
 46534 | Vaults:3 | Identified the +2 spear of the Durable God {heavy, Will+
                  | Dex+3}
 47013 | Vaults:3 | XOM: cast spell 'Leda's Liquefaction'
 47127 | Vaults:3 | Found Betayvuh's Assorted Antiques.
 47152 | Vaults:3 | Bought an ancient brass amulet for 125 gold pieces
 47152 | Vaults:3 | Identified the amulet of Hoivedgh {RegenMP rC+ Str+2} (You
                  | bought it in a shop on level 3 of the Vaults)
 47509 | Vaults:4 | XOM: give mutation
 47509 | Vaults:4 | Gained mutation: You are covered in fur. (AC +1) [Xom's
                  | grace]
 47732 | Vaults:4 | Noticed Margery
 47743 | Vaults:4 | Killed Margery
 47743 | Vaults:4 | XOM: 6-stop teleportation journey
 48127 | Vaults:4 | Noticed Boris
 48131 | Vaults:4 | XOM: potion effect (attraction)
 48139 | Vaults:4 | Killed Boris
 48183 | Vaults:4 | XOM: silly message
 48243 | Vaults:4 | XOM: potion effect (might)
 48475 | Vaults:5 | Entered Level 5 of the Vaults
 48494 | Vaults:5 | XOM: potion effect (might)
 48515 | Vaults:5 | XOM: destruction
 48529 | Vaults:4 | XOM: polymorph vault guard -> boulder beetle
 48634 | Vaults:5 | XOM: potion effect (experience)
 48634 | Vaults:5 | Reached XP level 23. HP: 153/153 MP: 23/23
 48786 | Vaults:5 | Identified the +3 hand axe "Dared" {flame, *Rage rElec
                  | Int+2}
 48811 | Vaults:5 | XOM: swap monsters
 48846 | Vaults:5 | XOM: summons friendly ufetubus
 48857 | Vaults:5 | Noticed a golden dragon
 48857 | Vaults:5 | XOM: 1-stop teleportation journey
 48874 | Vaults:5 | Killed a golden dragon
 48942 | Vaults:5 | Identified the +8 orcbow of Accidental Termination {freeze,
                  | rC+ Int+2}
 48951 | Vaults:5 | Identified the +10 arbalest of Cocytus {heavy, Dex+6}
 49056 | Vaults:5 | Reached XP level 24. HP: 160/160 MP: 23/23
 49082 | Vaults:5 | Identified the +2 leather armour "Cemabb" {rC+}
 49136 | Vaults:5 | an acid blob changed into a caustic shrike
 49136 | Vaults:5 | Noticed a caustic shrike (glowing shapeshifter)
 49137 | Vaults:5 | a caustic shrike changed into an acid blob
 49207 | Vaults:5 | Got a silver rune of Zot
 49265 | Vaults:5 | XOM: enchant monster (bad)
 49343 | Vaults:5 | XOM: polymorph vault warden -> eleionoma
 49456 | Vaults:5 | Identified the staff of the Sky {rElec rPois SInv Poison}
 49502 | Vaults:5 | XOM: blink monster(s)
 49569 | Vaults:5 | Noticed a dread lich
 49572 | Vaults:5 | XOM: 2-stop teleportation journey
 49698 | Vaults:5 | Identified the staff "Haffats" {Contam rF+ rCorr Int+3
                  | Fire}
 49734 | Vaults:5 | XOM: polymorph vault warden -> iron dragon
 49739 | Vaults:5 | XOM: polymorph storm dragon -> azure jelly
 49792 | Vaults:5 | Killed a dread lich
 49815 | Vaults:5 | XOM: summons 3 friendly demons
 49896 | Vaults:5 | XOM: confusion
 49902 | Vaults:5 | XOM: summons 5 friendly demons
 49902 | Vaults:5 | Noticed a dread lich
 49914 | Vaults:5 | Killed a dread lich
 49934 | Vaults:5 | XOM: noise
 50083 | Vaults:5 | XOM: summons friendly iron imp
 50226 | Vaults:5 | XOM: stat loss: -1 Int (9/10)
 50542 | Depths:1 | Entered Level 1 of the Depths
 50592 | Depths:1 | Noticed Saint Roka
 50601 | Depths:1 | XOM: swap monsters
 50608 | Depths:1 | Killed Saint Roka
 50734 | Depths:1 | XOM: give mutation
 50734 | Depths:1 | Lost mutation: Your body often deteriorates upon taking
                  | damage. [Xom's mischief]
 50838 | Depths:1 | XOM: silly message
 51009 | Depths:1 | XOM: summons 5 hostile demons
 51011 | Depths:1 | Gained mutation: Your body often deteriorates upon taking
                  | damage. [a neqoxec]
 51023 | Depths:1 | Found a gateway to Hell.
 51192 | Depths:1 | Found a shimmering blue altar of Sif Muna.
 51195 | Depths:1 | XOM: give mutations
 51195 | Depths:1 | Lost mutation: Your body often deteriorates upon taking
                  | damage. [Xom's mischief]
 51195 | Depths:1 | Lost mutation: You are agile. (Dex +4, Str/Int -1) [Xom's
                  | mischief]
 51195 | Depths:1 | Lost mutation: Your flesh is heat resistant. (rF+) [Xom's
                  | mischief]
 51195 | Depths:1 | Lost mutation: You passively dampen the noise of your
                  | surroundings. [Xom's mischief]
 51199 | Depths:1 | XOM: silly message
 51201 | Depths:1 | XOM: polymorph purple very ugly thing -> green very ugly
                  | thing
 51556 | Depths:1 | XOM: god gift: 54 gold pieces
 51604 | Depths:2 | Found a hazy altar of Hepliaklqana.
 51682 | Depths:2 | Found a one-way gate leading to the halls of Pandemonium.
 52052 | Depths:2 | XOM: 2-stop teleportation journey
 52058 | Depths:2 | XOM: divination: magic mapping
 52063 | Depths:2 | XOM: smoke on damage
 52188 | Depths:2 | XOM: god gift: 14 gold pieces
 52482 | Depths:2 | Reached XP level 25. HP: 173/173 MP: 23/23
 52556 | Depths:2 | Reached skill level 15 in Fighting
 52618 | Depths:2 | XOM: give mutations
 52618 | Depths:2 | Lost mutation: Your flesh is cold resistant. (rC+) [Xom's
                  | mischief]
 52618 | Depths:2 | Gained mutation: Your body often deteriorates upon taking
                  | damage. [Xom's mischief]
 52618 | Depths:2 | Lost mutation: You are covered in fur. (AC +1) [Xom's
                  | mischief]
 52875 | Depths:2 | Found a one-way gate to the infinite horrors of the Abyss.
 53042 | Hell     | Entered the Vestibule of Hell
 53554 | Depths:2 | XOM: cloud trail
 53611 | Depths:2 | XOM: give mutations
 53611 | Depths:2 | Gained mutation: Your flesh is heat resistant. (rF+) [Xom's
                  | grace]
 53611 | Depths:2 | Gained mutation: You possess an exceptional clarity of
                  | mind. [Xom's grace]
 53611 | Depths:2 | Gained mutation: You are partially covered in large bone
                  | plates. (SH +4) [Xom's grace]
 54347 | Depths:2 | XOM: cloud trail
 54661 | Depths:2 | XOM: god gift: potion of heal wounds
 54786 | Depths:2 | XOM: summons 1 hostile demon
 54813 | Depths:2 | XOM: give mutations
 54813 | Depths:2 | Gained mutation: Your spells are harder to cast, but more
                  | powerful. [Xom's mischief]
 54813 | Depths:2 | Gained mutation: Your skin blends seamlessly with your
                  | surroundings (Stealth++). [Xom's mischief]
 54813 | Depths:2 | Lost mutation: Your skin blends seamlessly with your
                  | surroundings (Stealth++). [Xom's mischief]
 54813 | Depths:2 | Lost mutation: You possess an exceptional clarity of mind.
                  | [Xom's mischief]
 55608 | Depths:2 | XOM: 3-stop teleportation journey
 55678 | Depths:2 | XOM is BORED!
 55678 | Depths:2 | XOM: summons 10 hostile demons
 56115 | Depths:2 | XOM: give mutations
 56115 | Depths:2 | Gained mutation: Your skin blends seamlessly with your
                  | surroundings (Stealth++). [Xom's grace]
 56115 | Depths:2 | Gained mutation: Your muscles are strong. (Str +4, Int/Dex
                  | -1) [Xom's grace]
 56115 | Depths:2 | Gained mutation: You possess an exceptional clarity of
                  | mind. [Xom's grace]
 56115 | Depths:2 | Gained mutation: One of your tentacles bears a spike.
                  | [Xom's grace]
 56313 | Depths:2 | XOM: god gift: book of Vapours
 56377 | Depths:3 | XOM: god gift: 49 gold pieces
 56381 | Depths:3 | XOM: summons 16 friendly demons
 56419 | Depths:3 | XOM: divine lightning
 56429 | Depths:3 | XOM: fog
 56597 | Depths:3 | Found a runed door.
 56763 | Depths:3 | Noticed Louise
 56773 | Depths:3 | Killed Louise
 57170 | Depths:3 | Noticed a dread lich
 57175 | Depths:3 | Killed a dread lich
 57183 | Depths:3 | Identified the +1 robe "Cysem" {Dex+8}
 57184 | Depths:3 | Identified the ring "Byczecw" {*Corrode rC+ rN+ MP+9 Int+3}
 57256 | Depths:3 | Identified the +0 pair of boots of Rixum {rF+ rC+}
 57283 | Depths:3 | XOM: polymorph yellow draconian annihilator -> shapeshifter
 57372 | Depths:4 | Entered Level 4 of the Depths
 57401 | Depths:4 | Found a one-way gateway to a ziggurat.
 57436 | Depths:4 | XOM: enchant monster (good)
 57456 | Depths:4 | Noticed a juggernaut
 57459 | Depths:4 | Killed a juggernaut
 57480 | Depths:4 | XOM: scenery: 2 doors open, 1 doors close
 57507 | Depths:4 | XOM: fog
 57630 | Depths:4 | Found a gate to the Realm of Zot.
 57647 | Depths:4 | XOM: smoke on damage
 57893 | Depths:4 | XOM: scenery: 1 doors open, 1 doors close
 58003 | Depths:4 | XOM: divination: detect items
 58081 | Depths:4 | XOM: scenery: 1 doors open
 58204 | D:12     | XOM: scenery: summon butterflies
 58333 | Slime:1  | Entered Level 1 of the Pits of Slime
 58340 | Slime:1  | XOM: scenery: summon butterflies
 58342 | Slime:1  | XOM: scenery: create altars
 58406 | Slime:1  | XOM: silly message
 58658 | Slime:5  | Entered Level 5 of the Pits of Slime
 58881 | Slime:5  | Noticed the Royal Jelly
 58883 | Slime:5  | XOM: summons friendly ufetubus
 58900 | Slime:5  | Found a viscous altar of Jiyva.
 58992 | Slime:5  | XOM: blink monster(s)
 59003 | Slime:5  | Killed the Royal Jelly
 59014 | Slime:5  | XOM: blink monster(s)
 59024 | Slime:5  | XOM: potion effect (might)
 59025 | Slime:5  | XOM: potion effect (curing)
 59042 | Slime:5  | XOM: potion effect (might)
 59179 | Slime:4  | XOM: scenery: summon butterflies
 59200 | Slime:5  | XOM: noise
 59204 | Slime:5  | XOM: potion effect (invisibility)
 59219 | Slime:5  | XOM: enchant monster (good)
 59271 | Slime:4  | XOM: silly message
 59418 | Slime:5  | Reached XP level 26. HP: 155/191 MP: 23/23
 59630 | Slime:5  | Identified the ring of Obiysam {rElec Will+ Str+6}
 59665 | Slime:5  | Identified the amulet "Qaonamij" {Acrobat Rampage Fragile
                  | Str+3 Dex+6}
 59721 | Slime:5  | Identified the +4 short sword of the Endless March {freeze,
                  | rElec}
 59740 | Slime:5  | Got a slimy rune of Zot
 59901 | Slime:5  | XOM: confuse monster(s)
 60088 | D:11     | XOM: stat loss: -1 Dex (25/26)
 60231 | Crypt:1  | Entered Level 1 of the Crypt
 60231 | Crypt:1  | Noticed Boris
 60237 | Crypt:1  | XOM: confuse monster(s)
 60240 | Crypt:1  | Killed Boris
 60255 | Crypt:1  | XOM: divination: detect items
 60420 | Crypt:1  | XOM: noise
 60886 | Crypt:2  | XOM: enchant monster (good)
 60899 | Crypt:1  | XOM: summons friendly crimson imp
 61024 | Crypt:1  | XOM: scenery: create altars
 61120 | Crypt:1  | XOM: silly message
 61393 | Crypt:2  | XOM: smoke on damage
 61394 | Crypt:1  | XOM: confuse monster(s)
 61691 | Crypt:2  | XOM: enchant monster (bad)
 61753 | Crypt:2  | XOM: blink monster(s)
 61823 | Crypt:2  | Found a runed translucent door.
 61824 | Crypt:2  | Noticed an ancient lich
 61917 | Crypt:2  | XOM: summons 4 hostile shadow creatures
 62014 | Crypt:2  | XOM: fog
 62022 | Crypt:2  | XOM: god gift: wand of flame (15)
 62087 | Crypt:2  | XOM: swap monsters
 62490 | Crypt:3  | Entered Level 3 of the Crypt
 62558 | Crypt:3  | XOM: noise
 62811 | Crypt:3  | XOM: chaos upgrade
 62842 | Crypt:3  | XOM: 2-stop teleportation journey
 62891 | Crypt:3  | XOM: 1-stop teleportation journey
 62986 | Crypt:3  | XOM: swap monsters
 63164 | Crypt:3  | Identified the ring "Micle" {rF+ rC+++ rN+ Will- Dex-2}
 63164 | Crypt:3  | Identified the ring "Uwnieb" {rN+ Str-3 Dex+5}
 63229 | Crypt:3  | XOM: 2-stop teleportation journey
 63251 | Crypt:3  | XOM: silly message
 63349 | Crypt:3  | Identified the staff of Abuse {rN+ Earth}
 63542 | Crypt:3  | XOM: cloud trail
 63842 | Crypt:3  | Found a staircase to the Tomb.
 63844 | Crypt:3  | Noticed a dread lich
 63851 | Crypt:3  | Killed a dread lich
 63856 | Crypt:3  | XOM: noise
 63863 | Crypt:3  | Found the +13 scythe of Curses {drain, curses, Drain}
 63865 | Crypt:3  | Noticed a dread lich
 63866 | Crypt:3  | XOM: enchant monster (good)
 63874 | Crypt:3  | Killed a dread lich
 64281 | Crypt:3  | XOM: god gift: wand of flame (10)
 64902 | Depths:4 | XOM: silly message
 65161 | Depths:4 | XOM: 8-stop teleportation journey
 65205 | Depths:4 | Reached XP level 27. HP: 207/207 MP: 23/23
 65439 | Zot:1    | Entered Level 1 of the Realm of Zot
 65819 | Zot:1    | XOM: 2-stop teleportation journey
 65858 | Zot:1    | Reached skill level 18 in Shields
 65868 | Zot:1    | XOM: divination: detect creatures
 65875 | Zot:1    | XOM: cast spell 'Alistair's Intoxication'
 66390 | Zot:2    | XOM: silly message
 66554 | Zot:2    | XOM: potion effect (experience)
 66554 | Zot:2    | Reached skill level 19 in Shields
 66719 | Zot:2    | XOM: noise
 66724 | Zot:2    | XOM: divination: detect creatures
 66740 | Zot:2    | XOM: enchant monster (good)
 67355 | Zot:2    | XOM: divination: magic mapping
 67357 | Zot:2    | XOM: summons friendly crimson imp
 67420 | Zot:2    | XOM: confuse monster(s)
 67451 | Zot:2    | Reached skill level 20 in Shields
 67553 | Zot:2    | XOM: silly message
 67567 | Zot:2    | XOM: silly message
 67669 | Depths:4 | XOM: divination: detect creatures
 67675 | Hell     | Noticed Geryon
 67678 | Hell     | Killed Geryon
 67707 | Hell     | Found a gateway to the freezing wastes of Cocytus.
 67720 | Hell     | XOM: silly message
 67721 | Hell     | Reached skill level 1 in Spellcasting
 67799 | Hell     | XOM: noise
 67897 | Hell     | XOM: silly message
 67912 | Hell     | XOM: silly message
 67916 | Depths:4 | XOM: silly message
 68133 | Hell     | XOM: silly message
 68138 | Hell     | XOM: silly message
 68176 | Hell     | Found a gateway to the Iron City of Dis.
 68224 | Hell     | Found a gateway to the ashen valley of Gehenna.
 68378 | Hell     | Reached skill level 21 in Shields
 68420 | Hell     | Found a gateway to the decaying netherworld of Tartarus.
 68522 | Coc:1    | Entered Level 1 of Cocytus
 68910 | Coc:1    | XOM: scenery: summon butterflies
 68960 | Coc:1    | Learned a level 4 spell: Manifold Assault
 69030 | Coc:2    | XOM: 2-stop teleportation journey
 69061 | Coc:2    | Reached skill level 1 in Translocations
 69325 | Coc:3    | XOM: cleaving
 69552 | Coc:4    | XOM: noise
 69573 | Coc:4    | Reached skill level 1 in Unarmed Combat
 69650 | Hell     | XOM: noise
 70025 | Coc:4    | Paralysed by a wendigo for 1 turns
 70027 | Coc:4    | XOM: divination: magic mapping
 70274 | Coc:5    | XOM: fog
 70279 | Coc:5    | XOM: summons 13 friendly demons
 70292 | Coc:5    | XOM: 1-stop teleportation journey
 70429 | Coc:5    | XOM: smoke on damage
 70430 | Coc:5    | Noticed an ancient lich
 70430 | Coc:5    | Noticed an ancient lich
 70430 | Coc:5    | XOM: swap monsters
 70755 | Coc:5    | Noticed an ancient lich
 70755 | Coc:5    | XOM: confuse monster(s)
 70755 | Coc:5    | Killed an ancient lich
 70756 | Coc:5    | Killed an ancient lich
 70759 | Coc:5    | Killed an ancient lich
 70760 | Coc:5    | Noticed an ancient lich
 70765 | Coc:5    | Noticed a dread lich
 70766 | Coc:5    | XOM: summons 2 friendly demons
 70771 | Coc:5    | XOM: 2-stop teleportation journey
 70840 | Coc:5    | Noticed an ancient lich
 70843 | Coc:5    | XOM: confuse monster(s)
 70843 | Coc:5    | Killed a dread lich
 70844 | Coc:5    | Reached skill level 22 in Shields
 70850 | Coc:5    | Killed an ancient lich
 70914 | Coc:5    | Identified the +2 hat "Dihuih" {rN+ Str+5} (Xom gifted it
                  | to you on level 5 of Cocytus)
 70914 | Coc:5    | XOM: god gift: +2 hat "Dihuih" {rN+ Str+5}
 70923 | Coc:5    | Killed an ancient lich
 70966 | Coc:5    | XOM: silly message
 71024 | Coc:6    | XOM: summons friendly white imp
 71047 | Coc:6    | XOM: cast spell 'Summon Mana Viper'
 71049 | Coc:6    | Noticed an ancient lich
 71057 | Coc:6    | XOM: confuse monster(s)
 71069 | Coc:6    | XOM: enchant monster (good)
 71073 | Coc:6    | Reached skill level 5 in Spellcasting
 71073 | Coc:6    | XOM: enchant monster (bad)
 71074 | Coc:6    | Killed an ancient lich
 71335 | Coc:7    | Entered Level 7 of Cocytus
 71540 | Coc:7    | XOM: cloud trail
 71665 | Coc:7    | XOM: scenery: summon butterflies
 71672 | Coc:7    | XOM: divination: detect creatures
 71689 | Coc:7    | Reached skill level 5 in Translocations
 71871 | Coc:7    | XOM: destruction
 71878 | Coc:7    | XOM: divination: magic mapping
 72021 | Coc:7    | XOM: confuse monster(s)
 72038 | Coc:7    | Reached skill level 5 in Unarmed Combat
 72044 | Coc:7    | XOM: enchant monster (bad)
 72209 | Coc:7    | XOM: chaos cloud
 72271 | Coc:7    | Noticed Antaeus
 72285 | Coc:7    | XOM: cast spell 'Summon Ice Beast'
 72320 | Coc:7    | XOM: cleaving
 72367 | Coc:7    | Identified the +3 scale mail of Leaves {Stlth+}
 72502 | Coc:7    | Killed Antaeus
 72515 | Coc:7    | Got an icy rune of Zot
 72748 | Tar:1    | Entered Level 1 of Tartarus
 73016 | Tar:2    | XOM: divination: magic mapping
 73055 | Tar:2    | XOM: cloud trail
 73147 | Tar:2    | XOM: noise
 73161 | Tar:2    | HP: 6/191 [hellion/damnation (22)]
 73560 | Depths:3 | Voluntarily entered the Abyss.
 73579 | Abyss:1  | Found a corrupted altar of Lugonu.
 73644 | Abyss:1  | XOM: divination: detect creatures
 73679 | Abyss:1  | XOM: scenery: summon butterflies
 73684 | Abyss:1  | Found a corrupted altar of Lugonu.
 73704 | Abyss:1  | XOM: god gift: scroll of teleportation
 73799 | Abyss:1  | XOM: confuse monster(s)
 73929 | Abyss:2  | XOM: divination: detect items
 73998 | Abyss:3  | XOM: divination: magic mapping
 74217 | Abyss:3  | XOM: scenery: create altars
 74239 | Abyss:3  | Reached skill level 23 in Shields
 74245 | Abyss:3  | Found a corrupted altar of Lugonu.
 74287 | Abyss:3  | XOM: stat loss: -1 Str (26/27)
 74357 | Abyss:3  | XOM: god gift: scroll of teleportation
 74439 | Abyss:3  | XOM: blink monster(s)
 74531 | Abyss:4  | Found a corrupted altar of Lugonu.
 74568 | Abyss:4  | Found a corrupted altar of Lugonu.
 74630 | Abyss:4  | Found a corrupted altar of Lugonu.
 74633 | Abyss:4  | XOM: silly message
 74677 | Abyss:4  | Reached skill level 1 in Maces & Flails
 74741 | Abyss:5  | XOM: stealth player
 74766 | Abyss:5  | XOM: potion effect (brilliance)
 74775 | Abyss:5  | Got an abyssal rune of Zot
 74821 | Abyss:5  | XOM: fog
 74846 | Abyss:5  | XOM: god gift: potion of haste
 74852 | Abyss:5  | XOM: god gift: scale mail {god gift}
 74959 | Abyss:5  | Paralysed by accursed screaming for 1 turns
 74966 | Abyss:5  | Paralysed by accursed screaming for 1 turns
 74978 | Depths:3 | Escaped the Abyss
 75053 | Depths:3 | XOM: silly message
 75074 | Zig:1    | Entered Level 1 of a ziggurat
 75094 | Zig:2    | Entered Level 2 of a ziggurat
 75121 | Zig:3    | Entered Level 3 of a ziggurat
 75141 | Zig:3    | XOM: summons friendly shadow imp
 75151 | Zig:3    | Identified the +4 pair of gloves "Ymmiem" {rF+ Will++}
 75156 | Zig:4    | Entered Level 4 of a ziggurat
 75167 | Zig:4    | XOM: enchant monster (good)
 75188 | Zig:5    | Entered Level 5 of a ziggurat
 75192 | Zig:5    | Noticed an ancient lich
 75200 | Zig:5    | Killed an ancient lich
 75205 | Zig:5    | XOM: blink monster(s)
 75214 | Zig:5    | XOM: noise
 75248 | Zig:6    | Entered Level 6 of a ziggurat
 75255 | Zig:6    | Noticed an ancient lich
 75257 | Zig:6    | Noticed a dread lich
 75265 | Zig:6    | Killed an ancient lich
 75268 | Zig:6    | XOM: 2-stop teleportation journey
 75276 | Zig:6    | XOM: polymorph stone giant -> glowing shapeshifter
 75282 | Zig:6    | Killed a dread lich
 75293 | Zig:6    | Identified the +1 leather armour of Faecsun {rC+ Int+3}
 75299 | Zig:6    | Identified the +6 shortbow "Zuluor" {elec, Dex+3}
 75306 | Zig:7    | Entered Level 7 of a ziggurat
 75319 | Zig:7    | XOM: silly message
 75359 | Zig:8    | Entered Level 8 of a ziggurat
 75385 | Zig:8    | XOM: polymorph reaper -> lorocyproca
 75415 | Zig:8    | Identified the +7 glaive of Nailumir {freeze, rCorr Dex+2
                  | Stlth+}
 75422 | Zig:8    | Identified the +7 dagger "Akitheih" {freeze, rC++ Str-2
                  | Int+5}
 75433 | Zig:9    | Entered Level 9 of a ziggurat
 75443 | Zig:9    | XOM: cast spell 'Metabolic Englaciation'
 75545 | Zig:9    | Identified the ring "Gumang" {rN+ Int+3 SInv}
 75580 | Zig:10   | Entered Level 10 of a ziggurat
 75592 | Zig:10   | XOM: potion effect (heal wounds)
 75598 | Zig:10   | XOM: divination: detect items
 75608 | Zig:10   | XOM: enchant monster (good)
 75617 | Zig:10   | XOM: chaos upgrade
 75619 | Zig:10   | XOM: chaos cloud
 75630 | Zig:10   | Paralysed by you for 4 turns
 75631 | Zig:10   | XOM: cast spell 'Summon Horrible Things'
 75635 | Zig:10   | HP: 7/209 [orc priest/divine providence (8)]
 75636 | Zig:10   | HP: 3/209 [orc priest/divine providence (6)]
 75639 | Zig:10   | Slain by an orc warrior

Illustrated notes

Levels and vault maps discovered:
D:1:      grunt_arrival_lava_bath, layout_loops_ring
D:2:      layout_loops_corners, serial_shops, shop, serial_bayou_crossing,
          uniq_crazy_yiuf_cottage
D:3:      layout_basic, serial_shops, nicolae_shop_crystal,
          ebering_ecumenical_altar_abandoned
D:4:      layout_rooms, grunt_ashenzari_visionary
          [grunt_ashenzari_visionary_shoals, grunt_ashenzari_visionary_snake],
          dilly_guarded_unrand_devastator
D:5:      kennysheep_spiral_hall, layout_rooms, cheibriados_altar_1,
          lemuel_temple_firewalk_a, minivault_19, guppyfry_early_orc_mine
D:6:      layout_rooms, nicolae_gozag_zags_fifth_avenue, grunt_ministairs_15,
          hex_tiny, amcnicky_mini_rare_corridor_liquid, minivault_4,
          kennysheep_generic_room_4
D:7:      minmay_spotlight, layout_basic, lemuel_zombie_altar_yredelemnul,
          mainiacjoe_overflow_tiny_flanked, uniq_menkaure
D:8:      layout_loops_ring, tso_altar, gammafunk_temple_overflow_elements
D:9:      layout_roguey, nicolae_uskayaw_suspiria, gammafunk_ghost_icy
D:10:     layout_rooms, lemuel_blue_sif_altar, nicolae_qazlal_general_emergency,
          david_orc_3, minmay_door_square
D:11:     layout_loops_ring, dpeg_lair_monsters,
          portal_ice_cave_entry_pillars_2, grunt_dithmenos_shadows
D:12:     layout_basic, ebering_ghost_inner_flame,
          minmay_guarded_unrand_staff_of_olgreb
D:13:     layout_rooms, david_vaults_5, fungi_pond_lemuel, kennysheep_potato
D:14:     layout_rooms, special_room [special_room_orc],
          hangedman_abyss_or_decor_slice, xom_confusion_cloud, uniq_josephine,
          uniq_frances, uniq_agnes
D:15:     grunt_enter_depths_snipers, layout_long_grid
Lair:1:   layout_regular_city, basic_altar
Lair:2:   layout_hall_layers, elwin_shoals_entry_rooms,
          minmay_snake_entry_guardpost_small, nicolae_lair_lil_pond,
          beast_lair_carwin_9
Lair:3:   layout_concentric_octagons
Lair:4:   layout_hall_layers, nicolae_slime_entry_slimehenge
Lair:5:   cheibrodos_lair_end_hotspot, layout_cave_pods,
          chequers_serial_rivers_small_a, nicolae_lair_lakeside_cave
Shoals:1: layout_shoals, nicolae_shop_clearance, uniq_mlioglotl
Shoals:2: layout_shoals, serial_shops, bzr_entry_road, uniq_donald
Shoals:3: layout_shoals, nicolae_shoals_land_atoll, nicolae_shoals_flooded_hall
Shoals:4: shoals_end_grunt_garden, layout_shoals, lemuel_centaur_altar
Snake:1:  layout_basic
Snake:2:  cheibrodos_snake_lava_hold, layout_chambers,
          nicolae_snake_salamander_zone, minmay_shop_star
Snake:3:  layout_cave_town, nicolae_snake_dead_anacondas, grunt_megastairs_5,
          serial_bayou_shore_b
Snake:4:  snake_pit_salamanders_mu, layout_onion, serial_shops, shop,
          serial_nicolae_subway, nicolae_sub_station_crystal,
          nicolae_sub_station_stone, nicolae_sub_station_metal, uniq_aizul,
          uniq_vashnia, uniq_nikola
Slime:1:  layout_caves
Slime:2:  layout_caves
Slime:3:  layout_caves
Slime:4:  layout_caves
Slime:5:  slime_pit_nicolae_amoeboid
Orc:1:    layout_caves, serial_shops, shop, mines2_lemuel
Orc:2:    grunt_orc_community_town_hall, layout_diamond_mine,
          grunt_orc_community_big_house_2, grunt_orc_community_big_house_2,
          grunt_orc_community_house_3, grunt_orc_community_house_2,
          grunt_orc_community_house_1, grunt_orc_community_house_3,
          gammafunk_ghost_smash
Elf:1:    eino_elf_arrival_sip, layout_gridlike,
          portal_desolation_entry_nicolae_nacl, hangedman_elf_disciples,
          serial_sigils_hangedman_leer, nicolae_elf_v_pinch
Elf:2:    elven_hall_of_blades_hangedman_alternative
          [nicolae_blade_entry_area_security], layout_geoelf_octagon,
          ebering_ghost_rock_garden, uniq_roxanne
Elf:3:    grunt_elf_hall_spiral, layout_geoelf_diagonals, basic_altar,
          serial_shops, nicolae_shop_window_shopping, shop,
          nicolae_shop_tiny_waterfront, uniq_norris
Vaults:1: nicolae_vaults_storage_room_glass, ontoclasm_vaults_pinch,
          ontoclasm_vaults_claustrophobia, vaults_standard_mumra_x, v_misc_3,
          nicolae_vaults_big_angled_halls, nicolae_vaults_three_branches,
          grunt_vaults_twisty, nicolae_vaults_doubleplus_tesselated, v_misc_30,
          vaults_room_pool, nicolae_vaults_little_squares_6,
          nicolae_vaults_shelves_hall, layout_vaults_omnibox, uniq_asterion
Vaults:2: nicolae_vaults_tetromino_L_2, v_misc_16,
          minmay_crypt_entry_simple_walls, grunt_vaults_funnel,
          nicolae_vaults_tetromino_L_1, v_misc_28,
          nicolae_vaults_stairing_the_circle, vaults_room_semicircle,
          nicolae_vaults_little_guard_posts, hangedman_vaults_slice,
          layout_vaults_big_room
Vaults:3: mu_enter_wizlab_4, v_misc_16, grunt_vaults_focal,
          ontoclasm_vaults_ring_square, v_pattern_5, vaults_room_fancy_cross,
          nicolae_vaults_closet_pinwheel_6, nicolae_vaults_tetromino_Z_2,
          ontoclasm_vaults_spin, layout_vaults_omnicross, serial_shops,
          nicolae_shop_gibbet_a_chance
Vaults:4: nicolae_vaults_off_center_swirl, hangedman_vaults_river_flow,
          ontoclasm_vaults_hangar, vaults_room_octagon,
          ontoclasm_vaults_ring_small, hangedman_vaults_cutoff,
          nicolae_vaults_little_squares_5, nicolae_vaults_trapezoid_lopsided_3,
          nicolae_vaults_trapezoid_3, hangedman_vaults_maws,
          grunt_vaults_hallway_long, ontoclasm_vaults_shuriken,
          layout_vaults_ring, uniq_margery, uniq_boris
Vaults:5: serial_shops
Crypt:1:  layout_rooms, grunt_crypt_arrival_webbed, grunt_megastairs_2
Crypt:2:  cheibrodos_crypt_cold_storage, layout_gridlike, grunt_ministairs_15,
          st_stairs_13, minivault_25, chequers_hall_statues_corner_a,
          evilmike_ambush [evilmike_ambush_outer_basic,
          evilmike_ambush_inner_pond], lemuel_upstairs_altar
Crypt:3:  quadcrypt_mu
Depths:1: layout_long_grid, hellmouth_1, nicolae_benzene_ring,
          hangedman_summoners_spam, uniq_saint_roka
Depths:2: kennysheep_water_balloons, layout_small_grid, lightli_too_deep,
          grunt_pan_entry_zigzag, marbit_kobold_abyss_entry,
          nicolae_hepliaklqana_hazy_memory, infiniplex_staircase_pillars_3b
Depths:3: evilmike_wizard_prison, layout_cave_pools, pf_hell_entry_great_geh,
          nicolae_abyss_entry_one_way_or_another, nicolae_twisty_statue_hallways
Depths:4: grunt_zot_entry_funnels, layout_honeycomb, enter_ziggurat_d,
          minmay_misc_feat_nine_boxes, hell_entry
Hell
Coc:1:    layout_cocytus_water_paths
Coc:2:    layout_cocytus_water_paths
Coc:3:    layout_cocytus_water_paths
Coc:4:    layout_ice_bergs
Coc:5:    layout_ice_bergs, nicolae_hells_leichenhalle
Coc:6:    layout_ice_bergs
Coc:7:    coc_old
Tar:1:    layout_honeycomb
Tar:2:    layout_cathedral_of_symmetry, nicolae_tar_honey_rotating
Zot:1:    layout_gridlike, st_stairs_14
Zot:2:    layout_misc_corridors, amethyst_zot_foddershock
Zig:10

Skill      XL: |  1  2  3  4  5  6  7  8  9 10 11 12 13 14 15 16 17 18 19 20 21 22 23 24 25 26 27 |
---------------+----------------------------------------------------------------------------------+-----
Stealth        | 1 2 3 5 6 8 9 11 13 15 16 17 18 20 21 22 | 22.6
Fighting       | 4 5 6 7 8 9 10 11 12 14 18 21 22 | 22.9
Short Blades   | 4 5 6 7 8 9 10 11 12 13 14 15 16 18 | 18.8
Dodging        | 3 4 5 6 7 8 10 11 12 13 14 15 18 | 18.1
Shapeshifting  | 1 3 5 6 7 8 9 10 11 12 13 14 15 17 18 19 20 21 | 21.1
Shields        | 1 4 5 8 9 10 12 14 15 16 17 23 | 23.5
Evocations     | 1 2 5 6 7 9 10 11 12 | 12.5
Spellcasting   | 8 |  8.3
Translocations | 8 |  8.5
Unarmed Combat | 8 |  8.3
Maces & Flails | 4 |  4.3

Action                     |  1- 3 |  4- 6 |  7- 9 | 10-12 | 13-15 | 16-18 | 19-21 | 22-24 | 25-27 || total
---------------------------+-------+-------+-------+-------+-------+-------+-------+-------+-------++-------
  Melee: Short sword       |    58 |    67 |    75 |       |       |       |       |       |       ||   200
         Constrict         |    16 |    16 |    50 |    62 |   136 |   135 |   221 |   133 |   408 ||  1177
         Tentacles         |    10 |    13 |    62 |   124 |   257 |   383 |   500 |   605 |  2391 ||  4345
         Punch             |     1 |     1 |     3 |    12 |    14 |    31 |    44 |    43 |   285 ||   434
         Kick              |       |       |    36 |   123 |   397 |     8 |       |       |  3584 ||  4148
         Dagger            |       |       |   162 |    38 |       |       |       |       |       ||   200
         Quick blade       |       |       |       |   411 |   970 |  1069 |  1332 |  1227 |  4885 ||  9894
         Maw               |       |       |       |       |    53 |   338 |   468 |   468 |   263 ||  1590
Ability: Siphon Essence    |       |       |       |       |       |       |       |       |     2 ||     2
  Evoke: Wand              |       |       |       |       |     5 |       |     1 |       |     6 ||    12
         Condenser vane    |       |       |       |       |       |       |       |       |     4 ||     4
         Lightning rod     |       |       |       |       |       |       |       |       |     1 ||     1
         Phial of floods   |       |       |       |       |       |       |       |       |     2 ||     2
    Use: Scroll            |       |     6 |       |    12 |    11 |     5 |     6 |     3 |    15 ||    58
         Potion            |       |       |       |       |       |     4 |     6 |     1 |     2 ||    13
   Stab: Sleeping          |     7 |    12 |    24 |    35 |   120 |   102 |   113 |    40 |    94 ||   547
         Distracted        |       |     1 |     1 |     3 |     2 |     5 |     9 |     3 |    33 ||    57
         Confused          |       |     1 |       |       |     4 |     4 |     4 |     2 |    20 ||    35
         Petrifying        |       |       |     1 |       |       |       |       |       |     1 ||     2
         Invisible         |       |       |       |     3 |    10 |       |     4 |       |     2 ||    19
         Petrified         |       |       |       |       |       |     1 |       |       |       ||     1
         Fleeing           |       |       |       |       |       |       |     2 |       |       ||     2
         Paralysed         |       |       |       |       |       |       |       |       |     3 ||     3
 Armour: Skin              |     4 |     4 |    26 |    60 |    76 |    49 |    52 |    34 |   153 ||   458
  Dodge: Dodged            |    31 |    28 |    86 |   167 |   277 |   412 |   492 |   409 |  1490 ||  3392
  Block: Kite shield       |       |       |       |    60 |   298 |   130 |       |       |       ||   488
         Buckler           |       |       |       |     2 |       |       |       |       |       ||     2
         Tower shield      |       |       |       |       |       |   493 |  1043 |   991 |  3807 ||  6334
         Reflection        |       |       |       |       |       |    16 |   132 |    67 |    27 ||   242
   Form: Beast             |       |     1 |       |       |       |       |       |       |       ||     1
         Maw               |       |       |       |       |     1 |       |       |       |       ||     1
         Death             |       |       |       |       |       |       |       |       |     2 ||     2
                           |       |       |       |       |       |       |       |       |     1 ||     1

Table legend: (Time is in decaauts)
 A = Elapsed time spent in this place.
 B = Non-inter-level travel time spent in this place.
 C = Inter-level travel time spent in this place.
 D = Time resting spent in this place.
 E = Time spent auto-exploring this place.
 F = Levels seen in this place.
 G = Mean time per level.
                   A        B        C        D        E       F      G
               +--------+--------+--------+--------+--------+-----+--------+
         Total |  75015 |  70302 |   4713 |  20644 |  33676 |  80 |  937.7 |
       Dungeon |  21719 |  20477 |   1242 |   9810 |   8300 |  15 | 1447.9 |
          Lair |   6146 |   5328 |    818 |    810 |   3452 |   5 | 1229.2 |
        Shoals |   4143 |   3860 |    283 |    465 |   2427 |   4 | 1035.8 |
     Snake Pit |   5208 |   4934 |    274 |    919 |   2840 |   4 | 1302.0 |
    Slime Pits |   1593 |   1593 |      0 |    376 |    457 |   5 |  318.6 |
  Orcish Mines |   1847 |   1640 |    207 |    176 |    972 |   2 |  923.5 |
   Elven Halls |   2810 |   2667 |    143 |     25 |   1629 |   3 |  936.7 |
        Vaults |   6298 |   5815 |    483 |    199 |   3874 |   5 | 1259.6 |
         Crypt |   4197 |   3959 |    238 |    812 |   2189 |   3 | 1399.0 |
        Depths |   8695 |   8204 |    491 |   3980 |   3032 |   4 | 2173.8 |
          Hell |   1879 |   1789 |     90 |   1150 |    360 |   1 | 1879.0 |
       Cocytus |   3236 |   2938 |    298 |    157 |   1610 |   7 |  462.3 |
      Tartarus |    401 |    379 |     22 |     23 |    225 |   2 |  200.5 |
           Zot |   2169 |   2053 |    116 |    643 |    952 |   2 | 1084.5 |
         Abyss |   1344 |   1344 |      0 |      0 |    319 |   5 |  268.8 |
      Ziggurat |    521 |    521 |      0 |     53 |     29 |  10 |   52.1 |
        Bazaar |    357 |    357 |      0 |    140 |    181 |   1 |  357.0 |
      Ice Cave |   1234 |   1234 |      0 |    546 |    408 |   1 | 1234.0 |
    Desolation |   1208 |   1208 |      0 |    357 |    418 |   1 | 1208.0 |
               +--------+--------+--------+--------+--------+-----+--------+

Top non-repeatable levels by time:
     D:1: 9000 daAuts
Depths:2: 4688 daAuts
  Lair:2: 2032 daAuts
 Crypt:3: 1922 daAuts
 Snake:2: 1912 daAuts
  Lair:5: 1907 daAuts
    Hell: 1879 daAuts
Depths:4: 1660 daAuts
Vaults:5: 1589 daAuts
 Snake:3: 1452 daAuts
   Orc:2: 1447 daAuts
 Crypt:1: 1373 daAuts
Vaults:4: 1346 daAuts
    D:11: 1331 daAuts
   Coc:7: 1316 daAuts
